 Dungeon Crawl Stone Soup version 0.26.1-11-gd32895ea62 (webtiles) character file.

Game seed: 7362882925788519356

1002052 phalm the Gnoll Aeon (level 27, 0/235 HPs)
             Began as a Gnoll Ice Elementalist on June 10, 2021.
             Was the Champion of Cheibriados.
             Killed by divine providence
             ... invoked by a smoke demon
              (13 damage)
             ... in Pandemonium on June 11, 2021.
             The game lasted 06:14:12 (124444 turns).

phalm the Gnoll Aeon (Gnoll Ice Elementalist)     Turns: 124444, Time: 06:14:13

Health: 0/235      AC: 15    Str: 31    XL:     27
Magic:  1/57       EV: 41    Int: 49    God:    Cheibriados [******]
Gold:   8778       SH: 30    Dex: 40    Spells: 4/69 levels left

rFire    + + +     SeeInvis +   T - +5 flail of Zeryis {vorpal, rF++}
rCold    + + .     Faith    .   z - +5 kite shield {rC+}
rNeg     + + +     Spirit   .   N - +2 robe of Zin {rN+ SInv}
rPois    +         Reflect  +   L - -2 hat of the Alchemist {rElec rPois rF+ rC+ rN+ Will+ rMut rCorr}
rElec    +         Harm     .   K - +2 cloak {Will+}
rCorr    +         Rampage  .   r - +2 pair of gloves
rMut     +                      Y - +2 pair of boots
Will     ++++.                  g - amulet of Yjebeq {Reflect rN+ Dex+4 SH+5}
Stlth    +++++++++.             n - ring "Amigo" {MP+9 Int+3}
HPRegen  0.49/turn              V - ring "Kaostil" {*Drain rF+ Str+3 Int+3 Dex+3}
MPRegen  0.35/turn

@: no potions, studying 3 skills, very slow
A: distributed training, fangs 1, repulsion field 1, strong 1, strong nose
}: 9/15 runes: decaying, serpentine, slimy, silver, abyssal, demonic, magical,
fiery, dark
a: Renounce Religion, Bend Time, Temporal Distortion, Slouch, Step From Time


You were in Pandemonium.
You worshipped Cheibriados.
Cheibriados was exalted by your worship.
You visited 11 branches of the dungeon, and saw 55 of its levels.
You visited Pandemonium 1 time, and saw 20 of its levels.
You visited the Abyss 1 time.
You also visited: Trove, Sewer, Ice Cave and Wizlab.

You collected 13394 gold pieces.
You spent 4616 gold pieces at shops.


Innate Abilities, Weirdness & Mutations

Your experience applies equally to all skills.
You have very sharp teeth.
Your uncanny sense of smell can sniff out nearby items.
You are surrounded by a mild repulsion field. (EV +2)
Your muscles are strong. (Str +2)


   Skills:
 + Level 23.1 Fighting
 + Level 21.4 Short Blades
 + Level 21.4 Long Blades
 + Level 21.4 Axes
 + Level 21.4 Maces & Flails
 + Level 21.4 Polearms
 + Level 24.2 Staves
 + Level 21.4 Slings
 + Level 21.4 Bows
 + Level 21.4 Crossbows
 + Level 21.4 Throwing
 + Level 21.4 Armour
 + Level 21.7 Dodging
 + Level 21.6 Stealth
 + Level 21.4 Shields
 + Level 21.4 Unarmed Combat
 + Level 21.7 Spellcasting
 + Level 18.6 Conjurations
 + Level 18.6 Hexes
 + Level 18.6 Summonings
 + Level 18.6 Necromancy
 + Level 18.6 Translocations
 + Level 21.9 Transmutations
 + Level 18.6 Fire Magic
 + Level 19.5 Ice Magic
 + Level 18.6 Air Magic
 + Level 18.6 Earth Magic
 + Level 18.6 Poison Magic
 + Level 24.8 Invocations
 + Level 21.4 Evocations


You had 4 spell levels left.
You knew the following spells:

 Your Spells              Type           Power        Failure   Level
a - Airstrike             Air            62%          0%          4
b - Fireball              Conj/Fire      62%          0%          5
c - Ozocubu's Refrigerat  Ice            63%          0%          6
i - Olgreb's Toxic Radia  Pois           100%         0%          4
l - Lehudib's Crystal Sp  Conj/Erth      62%          1%          8
n - Dispel Undead         Necr           100%         0%          4
o - Ozocubu's Armour      Ice            100%         0%          3
p - Spellforged Servitor  Conj/Summ      62%          1%          7
s - Iron Shot             Conj/Erth      62%          1%          6
z - Absolute Zero         Ice            63%          10%         9
B - Blink                 Tloc           N/A          0%          2
X - Ignite Poison         Fire/Tmut/Pois 100%         0%          3
Y - Iskenderun's Mystic   Conj/Tloc      100%         0%          4

Your spell library contained the following spells:

 Spells                   Type           Power        Failure   Level
 Animate Skeleton         Necr           100%         0%          1
 Apportation              Tloc           100%         0%          1
 Beastly Appendage        Tmut           100%         0%          1
 Corona                   Hex            100%         0%          1
 Foxfire                  Conj/Fire      100%         0%          1
 Freeze                   Ice            100%         0%          1
 Magic Dart               Conj           100%         0%          1
 Pain                     Necr           100%         0%          1
 Sandblast                Erth           100%         0%          1
 Shock                    Conj/Air       100%         0%          1
 Sting                    Tmut/Pois      100%         0%          1
 Summon Small Mammal      Summ           100%         0%          1
 Call Imp                 Summ           100%         0%          2
 Corpse Rot               Necr/Air       N/A          0%          2
 Ensorcelled Hibernation  Hex/Ice        100%         0%          2
 Passwall                 Tmut/Erth      100%         0%          2
 Poisonous Vapours        Pois/Air       100%         0%          2
 Searing Ray              Conj           100%         0%          2
 Slow                     Hex            100%         0%          2
 Sublimation of Blood     Necr           62%          0%          2
 Swiftness                Air            100%         0%          2
 Wereblood                Tmut           100%         0%          2
 Call Canine Familiar     Summ           100%         0%          3
 Confusing Touch          Hex            100%         0%          3
 Conjure Flame            Conj/Fire      100%         0%          3
 Dazzling Flash           Conj/Hex       100%         0%          3
 Frozen Ramparts          Ice            100%         0%          3
 Gell's Gravitas          Tloc           62%          0%          3
 Inner Flame              Hex/Fire       100%         0%          3
 Lesser Beckoning         Tloc           62%          0%          3
 Mephitic Cloud           Conj/Pois/Air  100%         0%          3
 Portal Projectile        Hex/Tloc       100%         0%          3
 Spider Form              Tmut/Pois      64%          0%          3
 Static Discharge         Conj/Air       100%         0%          3
 Stone Arrow              Conj/Erth      100%         0%          3
 Summon Guardian Golem    Hex/Summ       100%         0%          3
 Teleport Other           Tloc           100%         0%          3
 Tukima's Dance           Hex            100%         0%          3
 Vampiric Draining        Necr           62%          0%          3
 Animate Dead             Necr           62%          0%          4
 Cause Fear               Hex            62%          0%          4
 Fulminant Prism          Conj/Hex       62%          0%          4
 Hailstorm                Conj/Ice       100%         0%          4
 Ice Form                 Ice/Tmut       100%         0%          4
 Leda's Liquefaction      Hex/Erth       62%          0%          4
 Passage of Golubria      Tloc           N/A          0%          4
 Petrify                  Tmut/Erth      100%         0%          4
 Sticky Flame             Conj/Fire      100%         0%          4
 Summon Ice Beast         Ice/Summ       100%         0%          4
 Summon Lightning Spire   Summ/Air       100%         0%          4
 Agony                    Necr           100%         0%          5
 Alistair's Intoxication  Tmut/Pois      86%          0%          5
 Blade Hands              Tmut           66%          0%          5
 Bolt of Magma            Conj/Fire/Erth 62%          0%          5
 Borgnjor's Vile Clutch   Necr/Erth      62%          0%          5
 Excruciating Wounds      Necr           62%          0%          5
 Irradiate                Conj/Tmut      64%          0%          5
 Iskenderun's Battlesphe  Conj           100%         0%          5
 Lee's Rapid Deconstruct  Erth           62%          0%          5
 Lightning Bolt           Conj/Air       62%          0%          5
 Metabolic Englaciation   Hex/Ice        63%          0%          5
 Silence                  Hex/Air        62%          0%          5
 Summon Demon             Summ           62%          0%          5
 Summon Forest            Summ/Tloc      62%          0%          5
 Summon Mana Viper        Hex/Summ       100%         0%          5
 Yara's Violent Unravell  Hex/Tmut       64%          0%          5
 Eringya's Noxious Bog    Tmut/Pois      64%          0%          6
 Hydra Form               Tmut           66%          0%          6
 Statue Form              Tmut/Erth      86%          0%          6
 Death Channel            Necr           62%          1%          6
 Freezing Cloud           Conj/Ice/Air   63%          1%          6
 Invisibility             Hex            100%         1%          6
 Shadow Creatures         Summ           N/A          1%          6
 Simulacrum               Ice/Necr       63%          1%          6
 Starburst                Conj/Fire      62%          1%          6
 Dragon Form              Tmut           66%          1%          7
 Malign Gateway           Summ/Tloc      62%          1%          7
 Monstrous Menagerie      Summ           62%          1%          7
 Orb of Destruction       Conj           62%          1%          7
 Summon Greater Demon     Summ           62%          1%          7
 Summon Hydra             Summ           62%          1%          7
 Chain Lightning          Conj/Air       62%          1%          8
 Discord                  Hex            62%          1%          8
 Disjunction              Tloc           62%          1%          8
 Ignition                 Fire           62%          1%          8
 Summon Horrible Things   Summ           62%          1%          8
 Dragon's Call            Summ           62%          14%         9
 Fire Storm               Conj/Fire      62%          14%         9
 Shatter                  Erth           62%          14%         9
 Tornado                  Air            62%          14%         9

Inventory:

Hand Weapons
 e - the +3 fustibalus "Thing" {freeze, Fragile rN++ MP+9 Int+2}
   (You took it off a red devil in Pandemonium)

   It causes projectiles fired from it to freeze those they strike, causing
   extra injury to most foes and up to half again as much damage against
   particularly susceptible opponents.
   They can also slow down cold-blooded creatures.
   It affects your intelligence (+2).
   It greatly protects you from negative energy.
   It affects your magic capacity (+9).
   It will be destroyed if unequipped.
 D - the +6 sword of Cerebov {flame}
   (You took it off Cerebov in Pandemonium)

   It has been specially enchanted to burn those struck by it, causing extra
   injury to most foes and up to half again as much damage against particularly
   susceptible opponents.
   Big, fiery blades are also staple armaments of hydra-hunters.
 T - the +5 flail of Zeryis (weapon) {vorpal, rF++}
   (You found it on level 5 of the Vaults)

   It inflicts extra damage upon your enemies.
   It greatly protects you from fire.
Armour
 r - a +2 pair of gloves (worn)
   (You found it on level 4 of the Lair of Beasts)
 t - +2 pearl dragon scales {rare}
   (You found it in Pandemonium)
 z - a +5 kite shield of cold resistance (worn)
   (You found it on level 1 of the Vaults)
 K - a +2 cloak of willpower (worn)
   (You found it on level 5 of the Vaults)
 L - the -2 hat of the Alchemist (worn) {rElec rPois rF+ rC+ rN+ Will+ rMut rCorr}
   (You found it in a wizard's laboratory)

   It protects you from fire.
   It protects you from cold.
   It insulates you from electricity.
   It protects you from poison.
   It protects you from negative energy.
   It affects your willpower, your defense against some magical effects.
   It provides partial protection from all sources of acid and corrosion.
   It protects you from mutation.
 N - the +2 robe of Zin (worn) {rN+ SInv}
   (You found it on level 4 of the Realm of Zot)

   It protects you from negative energy.
   It lets you see invisible.
 Y - a +2 pair of boots (worn)
   (You found it on level 1 of the Lair of Beasts)
Jewellery
 g - the amulet of Yjebeq (around neck) {Reflect rN+ Dex+4 SH+5}
   (You acquired it on level 1 of the Snake Pit)

   [amulet of reflection]

   It shields you and reflects attacks.
   It affects your dexterity (+4).
   It protects you from negative energy.
   It affects your SH (+5).
 n - the ring "Amigo" (left hand) {MP+9 Int+3}
   (You acquired it on level 5 of the Realm of Zot)

   [ring of magical power]

   It affects your intelligence (+3).
   It affects your magic capacity (+9).
 O - the amulet "Ewny" {Faith +Fly rC++ Will- SInv}
   (You found it in Pandemonium)

   [amulet of faith]

   It allows you to gain divine favour quickly.
   It greatly protects you from cold.
   It affects your willpower, your defense against some magical effects.
   It lets you see invisible.
   It lets you fly.
 V - the ring "Kaostil" (right hand) {*Drain rF+ Str+3 Int+3 Dex+3}
   (You found it in a treasure trove)

   [ring of protection from fire]

   It affects your strength (+3).
   It affects your intelligence (+3).
   It affects your dexterity (+3).
   It protects you from fire.
   It causes draining when unequipped.
Wands
 w - a wand of disintegration (68)
   (You found it on level 5 of the Vaults)
 y - a wand of iceblast (34)
   (You found it on level 7 of the Dungeon)
 A - a wand of flame (20) (quivered)
   (You found it on level 5 of the Vaults)
 G - a wand of enslavement (27)
   (You found it on level 2 of the Elven Halls)
 J - a wand of polymorph (11)
   (You took it off a yaktaur on level 2 of the Depths)
 W - a wand of paralysis (12)
   (You found it on level 3 of the Elven Halls)
 X - a wand of digging (1)
   (You found it on level 10 of the Dungeon)
Scrolls
 b - a scroll of vulnerability {!r!r}
 j - 29 scrolls of teleportation {@r4}
 k - 30 scrolls of remove curse {@r2}
 o - 8 scrolls of summoning
 p - 4 scrolls of identify {@r1}
 q - 3 scrolls of blinking {!r}
 s - 10 scrolls of magic mapping {!r}
 v - 5 scrolls of fear
 E - a scroll of torment {!r}
 Q - 14 scrolls of immolation {!r!r}
 S - 15 scrolls of fog
Potions
 a - 4 potions of ambrosia
 f - 8 potions of attraction {!q}
 h - 5 potions of invisibility
 i - 9 potions of magic
 l - 7 potions of might
 m - 13 potions of brilliance
 x - 4 potions of cancellation
 B - 31 potions of curing {@q1}
 C - 2 potions of resistance
 M - 19 potions of heal wounds {@q2}
 R - 13 potions of lignification {!q}
 U - 15 potions of flight
Books
 F - a manual of Invocations {!d}
   (You found it on level 5 of the Realm of Zot)
 I - a manual of Staves {!d}
   (You found it on level 3 of the Elven Halls)
 P - a manual of Fighting {!d}
   (You found it on level 5 of the Realm of Zot)
Miscellaneous
 c - the horn of Geryon (inert)
   (You took it off Geryon in the Vestibule of Hell)
 d - a phantom mirror
   (You found it in an ice cave)
 u - a condenser vane
   (You found it on level 2 of the Swamp)
 H - a lightning rod (4/4)
   (You found it on level 6 of the Lair of Beasts)
 Z - a tin of tremorstones (2/2)
   (You found it on level 1 of the Lair of Beasts)

Dungeon Overview and Level Annotations

Branches:
Dungeon (15/15)            Temple (0/1) D:7            Lair (6/6) D:8
  Swamp (4/4) Lair:3        Snake (4/4) Lair:4        Slime (5/5) Lair:5
    Orc (2/2) D:9             Elf (3/3) Orc:2        Vaults (5/5) D:14
  Crypt (0/3) Vaults:3     Depths (5/5) D:15           Hell (visited)
    Dis (0/7) Hell            Geh (0/7) Hell            Coc (0/7) Hell
    Tar (0/7) Hell            Zot (5/5) Depths:5      Sewer (visited)
  IceCv (visited)          WizLab (visited)

Altars:
Ashenzari
Cheibriados
Gozag
Hepliaklqana
Nemelex Xobeh
Qazlal
Trog
Uskayaw
Vehumet
Xom
Yredelemnul
Zin
The Shining One
Beogh
Jiyva

Shops:
D:12 [(:   D:14 ?   Orc:2 :*[(   Elf:1 *   Elf:3 [   Snake:2 [   Snake:4 *
Vaults:5 *   Depths:3 *   Depths:5 *}=}

Portals:
Hell: Depths:1 Depths:2 Depths:3 Depths:4 Depths:5
Abyss: Depths:3 Depths:4 Depths:5
Pandemonium: Depths:3
Ziggurat: Depths:1

Annotations:
Zot:5 1 exclusion

##≈≈≈.#
###≈≈...#### .
#≈≈≈≈......##..
#≈≈............
#≈≈............
#≈≈≈.........
#≈≈≈≈..42?#
#≈≈2.@# ##≈3≈≈#
#≈≈≈## ####


You could see a hellwing, a smoke demon and 2 friendly hell beasts.


Message History

Press: ? - help, Dir - look around, f - activate You chill Wixzurod to absolute zero!
Wixzurod is frozen into a solid block of ice!
You kill Wixzurod!
Cheibriados thoroughly appreciates the change of pace.
The eye of draining disappears in a puff of smoke!
The monstrous demonspawn shouts!
You hear a roar!
You hear a shout!
The Tzitzimitl engulfs the pandemonium lord shaped block of ice!
The Tzitzimitl drains the pandemonium lord shaped block of ice's vigour!
The Tzitzimitl bites the pandemonium lord shaped block of ice but does no damage.
A reaper comes into view. It is wielding a +0 scythe of flaming.
The Tzitzimitl gestures at you.
The bolt of cold hits the pandemonium lord shaped block of ice.
The pandemonium lord shaped block of ice completely resists.
The bolt of cold hits you! You resist.
* * * LOW HITPOINT WARNING * * *
😱 HP[-11] MP[-9]
You take 11 damage, and now have 53/235 hp.
You lost 9 mp, and now have 7/57 mp.
Casting: Absolute Zero (dangerous; 10% risk of failure)
Confirm with . or Enter, or press ? or * to list all spells.
The heat is drained from your surroundings.
You resist.
You feel very cold. The monsters around you are frozen!
The Tzitzimitl resists. x2; The reaper resists.
Your surroundings suddenly seem different.
A smoke demon comes into view. x2; A hellwing comes into view. x3 😱 HP[+1] MP[-5]
You lost 5 mp, and now have 2/57 mp.
The hellwing gives a chilling moan.
The smoke demon roars!
The hellwing gives a chilling moan. x2; The smoke demon roars!
You sock the hellwing! The smoke demon gestures at you.
The sticky flame misses you.
You sock the hellwing! You bite the hellwing.
You block the hellwing's attack. x2 😱 HP[+1]
You closely miss the hellwing. The smoke demon gestures at you.
The ball of steam hits you. You resist.
* * * LOW HITPOINT WARNING * * *
You block the hellwing's attack.
The hellwing completely misses you. 😱 HP[-3] MP[+1]
You take 3 damage, and now have 52/235 hp.
You bludgeon the hellwing!!
You kill the hellwing!
Cheibriados thoroughly appreciates the change of pace.
The smoke demon gestures at you. Something smites you!
* * * LOW HITPOINT WARNING * * *
😱 HP[-12]
You take 12 damage, and now have 40/235 hp.
You bludgeon the hellwing!! The smoke demon gestures at you.
Something smites you!
* * * LOW HITPOINT WARNING * * *
The smoke demon gestures at you.
The sticky flame misses you. x2 😱 HP[-10]
You take 10 damage, and now have 30/235 hp.
Okay, then.
You hit the hellwing.
You bite the hellwing, but do no damage.
You block the hellwing's attack. x2 😱 MP[+1]
You bludgeon the hellwing!!
You kill the hellwing!
Cheibriados appreciates the change of pace.
The hellwing completely misses you. The hellwing hits you.
* * * LOW HITPOINT WARNING * * *
😱 HP[-4]
You take 4 damage, and now have 26/235 hp.
You bludgeon the smoke demon!! The smoke demon gestures at you.
Something smites you!
* * * LOW HITPOINT WARNING * * *
You block the smoke demon's attack. x3; The hellwing completely misses you.
You block the hellwing's attack. 😱 HP[-14]
You take 14 damage, and now have 12/235 hp.
You closely miss the smoke demon. Your bite misses the smoke demon.
Okay, then.
You hear a grinding noise. x2
You warp the flow of time around you! 😱 MP[-4]
You lost 4 mp, and now have 0/57 mp.
You cannot drink potions in your current state!
You produce a hideous howling noise!
You block the hellwing's attack. x2 😱 HP[+1] MP[+1]
Aiming: Iceblast
Press: ? - help, Shift-Dir - straight line, f - smoke demon
Aim: a smoke demon (water)
The mass of ice explodes!
The iceblast engulfs the smoke demon!! x2
You kill the smoke demon!
Cheibriados appreciates the change of pace.
You hear a bellow!
You block the hellwing's attack. x2; Your hell beast bites the hellwing.
Your hell beast tramples the hellwing!
The hellwing is shoved backwards!
The smoke demon gestures at you. Something smites you!
You die...

Skill      XL: |  1  2  3  4  5  6  7  8  9 10 11 12 13 14 15 16 17 18 19 20 21 22 23 24 25 26 27 |
---------------+----------------------------------------------------------------------------------+-----
Spellcasting   | 5 6 7 8 9 10 11 12 13 14 15 16 17 21 | 21.7
Invocations    | 1 2 3 4 5 6 7 8 9 10 11 12 13 14 15 16 17 18 24 | 24.8
Fighting       | 1 2 3 4 5 6 7 8 9 10 11 12 13 14 15 16 23 | 23.1
Short Blades   | 1 2 3 4 5 6 7 8 9 10 11 12 13 14 15 16 21 | 21.4
Long Blades    | 1 2 3 4 5 6 7 8 9 10 11 12 13 14 15 16 21 | 21.4
Axes           | 1 2 3 4 5 6 7 8 9 10 11 12 13 14 15 16 21 | 21.4
Maces & Flails | 1 2 3 4 5 6 7 8 9 10 11 12 13 14 15 16 21 | 21.4
Polearms       | 1 2 3 4 5 6 7 8 9 10 11 12 13 14 15 16 21 | 21.4
Staves         | 1 2 3 4 5 6 7 8 9 10 11 12 13 14 15 16 24 | 24.2
Slings         | 1 2 3 4 5 6 7 8 9 10 11 12 13 14 15 16 21 | 21.4
Bows           | 1 2 3 4 5 6 7 8 9 10 11 12 13 14 15 16 21 | 21.4
Crossbows      | 1 2 3 4 5 6 7 8 9 10 11 12 13 14 15 16 21 | 21.4
Throwing       | 1 2 3 4 5 6 7 8 9 10 11 12 13 14 15 16 21 | 21.4
Armour         | 1 2 3 4 5 6 7 8 9 10 11 12 13 14 15 16 21 | 21.4
Shields        | 1 2 3 4 5 6 7 8 9 10 11 12 13 14 15 16 21 | 21.4
Unarmed Combat | 1 2 3 4 5 6 7 8 9 10 11 12 13 14 15 16 21 | 21.4
Evocations     | 1 2 3 4 5 6 7 8 9 10 11 12 13 14 15 16 21 | 21.4
Conjurations   | 1 2 3 4 5 6 7 8 9 10 11 12 13 14 18 | 18.6
Hexes          | 1 2 3 4 5 6 7 8 9 10 11 12 13 14 18 | 18.6
Summonings     | 1 2 3 4 5 6 7 8 9 10 11 12 13 14 18 | 18.6
Necromancy     | 1 2 3 4 5 6 7 8 9 10 11 12 13 14 18 | 18.6
Translocations | 1 2 3 4 5 6 7 8 9 10 11 12 13 14 18 | 18.6
Transmutations | 1 2 3 4 5 6 7 8 9 10 11 12 13 14 15 16 17 18 21 | 21.9
Fire Magic     | 1 2 3 4 5 6 7 8 9 10 11 12 13 14 18 | 18.6
Air Magic      | 1 2 3 4 5 6 7 8 9 10 11 12 13 14 18 | 18.6
Earth Magic    | 1 2 3 4 5 6 7 8 9 10 11 12 13 14 18 | 18.6
Poison Magic   | 1 2 3 4 5 6 7 8 9 10 11 12 13 14 18 | 18.6
Dodging        | 5 6 7 8 9 10 11 12 13 14 15 16 17 21 | 21.7
Stealth        | 5 6 7 8 9 10 11 12 13 14 15 16 17 21 | 21.6
Ice Magic      | 8 9 10 11 12 13 14 15 19 | 19.5

Action                   |  1- 3 |  4- 6 |  7- 9 | 10-12 | 13-15 | 16-18 | 19-21 | 22-24 | 25-27 || total
-------------------------+-------+-------+-------+-------+-------+-------+-------+-------+-------++-------
Melee: Spear             |   105 |    49 |       |       |       |       |       |       |       ||   154
       Bite              |     3 |     6 |    72 |    88 |   197 |   212 |   174 |    96 |   943 ||  1791
       Hunting sling     |       |     7 |       |       |       |       |       |       |       ||     7
       Dire flail        |       |     8 |   419 |   133 |       |       |       |       |       ||   560
       Mace              |       |       |       |    68 |       |       |       |       |       ||    68
       Staff             |       |       |       |   218 |   786 |   694 |   670 |   323 |   321 ||  3012
       Flail             |       |       |       |       |       |       |       |       |  1913 ||  1913
       Short sword       |       |       |       |       |       |       |       |       |   992 ||   992
       Shillelagh        |       |       |       |       |       |       |       |       |   376 ||   376
 Fire: Hunting sling     |       |    96 |       |    67 |       |       |       |       |       ||   163
       Shortbow          |       |       |    22 |       |       |       |       |       |       ||    22
Throw: Boomerang         |       |       |       |    47 |   155 |   515 |       |    17 |    33 ||   767
       Dart              |       |       |       |       |       |       |       |   160 |       ||   160
       Javelin           |       |       |       |       |       |       |       |    18 |    13 ||    31
 Cast: Freeze            |    20 |    24 |       |    86 |    13 |    11 |       |       |       ||   154
       Frozen Ramparts   |     1 |     4 |       |    43 |    30 |    11 |     2 |       |       ||    91
       Ozocubu's Armour  |     1 |     2 |     1 |    16 |    12 |     8 |     2 |       |     3 ||    45
       Olgreb's Toxic Ra |       |       |       |       |   201 |    48 |   109 |    41 |   119 ||   518
       Ignite Poison     |       |       |       |       |    51 |    21 |    19 |    43 |    41 ||   175
       Metabolic Englaci |       |       |       |       |     7 |       |       |       |       ||     7
       Ozocubu's Refrige |       |       |       |       |       |   128 |    68 |   199 |  1006 ||  1401
       Iskenderun's Myst |       |       |       |       |       |    17 |     3 |     3 |    13 ||    36
       Iron Shot         |       |       |       |       |       |    20 |     9 |    12 |    51 ||    92
       Airstrike         |       |       |       |       |       |    11 |       |     1 |    35 ||    47
       Blink             |       |       |       |       |       |     1 |       |       |       ||     1
       Fireball          |       |       |       |       |       |       |     2 |     8 |    29 ||    39
       Dispel Undead     |       |       |       |       |       |       |       |       |    18 ||    18
       Lehudib's Crystal |       |       |       |       |       |       |       |       |   125 ||   125
       Spellforged Servi |       |       |       |       |       |       |       |       |    14 ||    14
       Absolute Zero     |       |       |       |       |       |       |       |       |    11 ||    11
Invok: Slouch            |       |       |       |       |       |     1 |       |       |       ||     1
       Step From Time    |       |       |       |       |       |       |       |       |     3 ||     3
       Temporal Distorti |       |       |       |       |       |       |       |       |     1 ||     1
 Abil: Evoke Flight      |       |       |       |       |       |     1 |       |     3 |     8 ||    12
       Stop Flying       |       |       |       |       |       |       |       |       |     1 ||     1
Evoke: Wand              |       |       |     9 |     2 |     3 |    29 |     3 |       |   122 ||   168
       Tin of tremorston |       |       |       |       |     2 |     2 |       |     1 |     2 ||     7
       Phantom mirror    |       |       |       |       |       |     1 |     1 |       |       ||     2
       Horn of Geryon    |       |       |       |       |       |       |       |       |     1 ||     1
  Use: Scroll            |       |     5 |       |    13 |    13 |    12 |     5 |    12 |    53 ||   113
       Potion            |       |       |     5 |       |       |     1 |     1 |       |    12 ||    19
 Stab: Sleeping          |     3 |     5 |       |       |    13 |     4 |     1 |       |    59 ||    85
       Distracted        |       |     1 |       |     1 |     3 |       |     5 |       |    45 ||    55
       Confused          |       |       |       |       |       |     1 |       |       |       ||     1
Armor: Robe              |    26 |     6 |    10 |       |       |       |       |       |   265 ||   307
       Plate armour      |       |       |   332 |   274 |    16 |       |       |       |       ||   622
       Ring mail         |       |       |       |       |    81 |       |       |    13 |    60 ||   154
       Leather armour    |       |       |       |       |    31 |    97 |    40 |    19 |   104 ||   291
Dodge: Dodged            |    88 |    56 |    95 |   273 |   412 |   237 |   158 |   107 |  2444 ||  3870
Block: Kite shield       |       |       |       |   287 |   562 |   928 |   818 |   471 |  4764 ||  7830
       Reflection        |       |       |       |       |       |    67 |   136 |    60 |   132 ||   395

Levels and vault maps discovered:
D:1:      dpeg_arrival_round_a, layout_rooms, minmay_tromino_i4
D:2:      layout_loops_corners, serial_forest, infiniplex_forest_lined_room_2,
          infiniplex_forest_lined_room_2, infiniplex_forest_end_3,
          infiniplex_forest_end_double, infiniplex_forest_end_1
D:3:      layout_loops_corners, gammafunk_temple_overflow_wave,
          minmay_misc_feat_columns
D:4:      layout_loops_ring, portal_sewer_entry_b, uniq_edmund
D:5:      layout_basic, basic_altar, hangedman_feature_mirror
D:6:      wander_guarded_unrand_ratskin, layout_loops_ring, uniq_menkaure,
          uniq_pikel
D:7:      layout_loops_ring, grunt_temple_overflow_gold_and_silver,
          minmay_overflow_temple_star_quad, minmay_temple_entry_slanted,
          grunt_ministairs_15
D:8:      layout_basic, regret_index_temple_of_mockery, dpeg_lair_monsters,
          corner_web_ring, hangedman_abyss_or_decor_stabs, uniq_maurice,
          uniq_psyche
D:9:      layout_cross, yredelemnul_forgotten_temple_becter, hiddenorc1_lemuel
D:10:     layout_irregular_city, basic_altar, minmay_joined_circles
D:11:     layout_roguey, library_closet, kennysheep_island_fort
D:12:     layout_rooms, serial_shops, nicolae_shop_behind_doors, shop,
          nicolae_shop_behind_doors, uniq_frances
D:13:     layout_long_grid, chequers_serial_rivers_micro_e,
          roderic_filled_cross, minmay_misc_feat_iff
D:14:     layout_basic, david_vaults_2, serial_shops, shop, minivault_14,
          kennysheep_generic_room_8
D:15:     hangedman_depths_entry_civil_slaughter, layout_layer_cave,
          nicolae_trove_entry_crossroad, chequers_serial_rivers_large_a,
          minivault_25, minmay_the_grid_square_5x5_3x3_mashed
          [minmay_the_grid_square_5x5_eight_small,
          minmay_the_grid_square_5x5_inner_v,
          minmay_the_grid_square_5x5_minivault,
          minmay_the_grid_square_5x5_pentomino_r,
          minmay_the_grid_square_5x5_megaprize_hollow,
          minmay_the_grid_square_5x5_minibox, minmay_the_grid_square_5x5_seven,
          minmay_the_grid_square_5x5_broken_cross,
          minmay_the_grid_square_5x5_n_small]
Lair:1:   kb_forest_paths, layout_loops_ring
Lair:2:   regret_index_bee_streams, layout_chaotic_city
Lair:3:   layout_regular_city, swamp_mist, serial_bayou_shore_b,
          grunt_megastairs_1, infiniplex_staircase_pool
Lair:4:   layout_gridlike, minmay_snake_entry_guardpost_small
Lair:5:   layout_roguey, slime_altar_2, grunt_megastairs_3
Lair:6:   hangedman_lair_tendril_chambers, layout_long_grid,
          guppyfry_lair_end_dragon, nicolae_quartered_pool_medium,
          serial_bayou_ford_a
Swamp:1:  layout_falls_marsh, evilmike_swamp_ruin_house_4, swamp_pool1,
          lightli_tree_ring
Swamp:2:  layout_basic_swamp, portal_ice_cave_entry_pillars_four,
          evilmike_swamp_ruin_wall
Swamp:3:  layout_falls_marsh, evilmike_swamp_ruin_rubble_2, swamp_pool2,
          hangedman_swamp_diagram, grunt_lady_of_the_lake
Swamp:4:  swamp_basic_johnstein, layout_basic_swamp, swamp_pool1, uniq_donald
Snake:1:  layout_misc_corridors, grunt_megastairs_2
Snake:2:  layout_cave_town, serial_shops, shop, uniq_aizul
Snake:3:  layout_concentric_octagons, ebering_ghost_rock_garden, st_stairs_14,
          serial_bayou_shore_a
Snake:4:  johnstein_snake_rune_scales, layout_cave_town, serial_shops,
          nicolae_shop_stone, grunt_megastairs_5, uniq_vashnia
Slime:1:  layout_caves, cheibrodos_slime_lost_civilization_7
Slime:2:  layout_caves, nicolae_slime_barrier, nicolae_slime_welcoming_committee
Slime:3:  layout_caves, basic_altar
Slime:4:  cheibrodos_slime_lost_civilization_9, layout_caves
Slime:5:  uniq_dissolution
Orc:1:    layout_diamond_mine
Orc:2:    st_orc_congregation, layout_diamond_mine, basic_altar, uniq_jorgrun
Elf:1:    eino_elf_arrival_shootout, layout_onion_city, serial_shops, shop,
          hangedman_elf_represent, uniq_roxanne, uniq_nikola
Elf:2:    layout_onion_city, st_stairs_4, drop_trap, amethyst_killhole,
          hangedman_glass_teeth
Elf:3:    elf_hall, layout_onion_city, mu_enter_wizlab_4, serial_shops,
          shop_statue
Vaults:1: vaults_mumra_lcd, vaults_dpeg_encased_lava, v_misc_19, v_misc_13,
          v_pattern_5, v_misc_22, nicolae_vaults_alarming, grunt_vaults_twisty,
          hangedman_vaults_nails, v_misc_12, vaults_room_pool,
          nicolae_vaults_little_squares_6, nicolae_vaults_asterisk,
          layout_vaults_ring, uniq_saint_roka
Vaults:2: hangedman_vaults_impose, vaults_room_corners, ontoclasm_vaults_eye,
          vaults_dpeg_diagonal, grunt_vaults_hallway_short, vaults_room_fours,
          nicolae_vaults_little_squares_6, nicolae_vaults_border_crossing,
          layout_vaults_chaotic_city
Vaults:3: dpeg_vaults_monster_row, vaults_standard_mumra_x,
          hangedman_vaults_corner, vaults_room_fancy_cross,
          nicolae_vaults_network_star, ontoclasm_vaults_spin,
          vaults_room_door_hall, layout_vaults_omnigrid, dummy_crypt_entry,
          uniq_bai_suzhen
Vaults:4: nicolae_vaults_bisected_exclaves, vaults_room_door_ring,
          hangedman_vaults_nails, v_misc_15, kb_rosetta, v_misc_10,
          nicolae_vaults_circle_grid_b, v_misc_3,
          nicolae_vaults_little_squares_1, vaults_mumra_chevron_long, v_misc_3,
          v_misc_24, hangedman_vaults_capsules, nicolae_vaults_little_ls,
          layout_vaults_maze_bifur, uniq_jory
Vaults:5
Depths:1: layout_cave_shapes, enter_ziggurat_d, hell_entry,
          kennysheep_cluttered_room, bh_walls_and_bars
Depths:2: minmay_box_of_statues, layout_cave_pools, chequers_decorated_corner,
          hellmouth_1, water_boxes_lemuel, minmay_staircase_windowed_small
Depths:3: minmay_central_circle, layout_basic, minmay_misc_feat_square,
          hangedman_abyss_entry_splay, pan_entry, hell_entry, serial_shops,
          shop, serial_corexii_hall, corexii_hall_statues_x,
          corexii_hall_statues_i
Depths:4: lemuel_river_lethe, hell_entry, abyss_entry
Depths:5: lemuel_castle_with_subvaults [lemuel_castle_interior_carwin_1],
          layout_gridlike, grunt_mini_vestibule, chequers_big_river,
          abyss_entry_crystal, minmay_liquid_box, guppyfry_shop_venom,
          minmay_shop_grove, uniq_enchantress
Hell
Zot:1:    layout_onion_interference, zot_minivault_3
Zot:2:    kennysheep_bubbly, layout_concentric_octagons,
          hangedman_zot_decor_tridents
Zot:3:    layout_cathedral_of_symmetry, drop_trap
Zot:4:    layout_concentric_octagons, grunt_ministairs_15
Zot:5:    layout_cathedral_of_symmetry, gammafunk_ghost_tricky_traps
Pan:      rand_demon_8, layout_chambers, pan_surprise, reaverb_pan_chaos_star,
          evilmike_mini_pan_corridor, layout_grid_shapes, gammafunk_its_a_trap,
          layout_pan_divisions_a [pan_division_quadrant_a4,
          pan_division_quadrant_a3, pan_division_quadrant_a2,
          pan_division_quadrant_a5, pan_division_octagon_empty],
          evilmike_mini_pan_pillars_b, layout_pan_divisions_a
          [pan_division_quadrant_a4, pan_division_quadrant_a2,
          pan_division_quadrant_a4, pan_division_quadrant_a3,
          pan_division_octagon_empty], nicolae_pan_gloorx_vloqian_3,
          evilmike_mini_pan_doors_b, layout_small_grid, grunt_pan_sceptre,
          layout_gridville, nicolae_pan_mnolegish_1, rand_demon_5,
          layout_small_grid, nicolae_pan_hourglass, layout_irregular_city,
          cerebov_grunt_fire_and_steel, layout_stronghold,
          pan_blood_fountain_small, rand_demon_3, layout_small_grid,
          nicolae_pan_lom_lobonic_4, grunt_pan_pentagram, layout_onion_city,
          gloorx_vloq_st, layout_chambers, lom_lobon_spiral_st,
          layout_gridville, pan_blood_fountain, evilmike_mini_pan_doors,
          layout_cellular_growth, pan_blood_fountain, grunt_pan_pentagram,
          layout_small_grid, nicolae_pan_sick_transit, gammafunk_the_bubble
          [the_bubble_gammafunk_split], layout_grid_shapes, rand_demon_1,
          layout_irregular_city, nicolae_pan_sick_transit, rand_demon_1,
          layout_basic, pan_blood_fountain_2, evilmike_mini_pan_doors,
          layout_chambers, pan_blood_fountain_2, evilmike_mini_pan_corridor,
          layout_cellular_growth, nicolae_pan_lom_lobonic_3

Notes
Turn   | Place    | Note
-------+----------+-------------------------------------------
     0 | D:1      | phalm the Gnoll Ice Elementalist began the quest for the
                  | Orb.
     0 | D:1      | Reached XP level 1. HP: 13/13 MP: 6/6
     0 | D:1      | magus.rc [v1.9.10]
   100 | D:1      | Reached XP level 2. HP: 8/19 MP: 1/7
   582 | D:1      | Reached XP level 3. HP: 24/25 MP: 2/9
   587 | D:1      | Reached skill level 5 in Spellcasting
   877 | D:1      | Reached skill level 1 in Invocations
   889 | D:1      | Learned a level 3 spell: Frozen Ramparts
   893 | D:1      | Learned a level 3 spell: Ozocubu's Armour
  1129 | D:2      | Reached skill level 1 in Fighting
  1129 | D:2      | Reached skill level 1 in Short Blades
  1129 | D:2      | Reached skill level 1 in Long Blades
  1129 | D:2      | Reached skill level 1 in Axes
  1129 | D:2      | Reached skill level 1 in Maces & Flails
  1129 | D:2      | Reached skill level 1 in Polearms
  1129 | D:2      | Reached skill level 1 in Staves
  1129 | D:2      | Reached skill level 1 in Slings
  1129 | D:2      | Reached skill level 1 in Bows
  1129 | D:2      | Reached skill level 1 in Crossbows
  1129 | D:2      | Reached skill level 1 in Throwing
  1129 | D:2      | Reached skill level 1 in Armour
  1129 | D:2      | Reached skill level 1 in Shields
  1129 | D:2      | Reached skill level 1 in Unarmed Combat
  1129 | D:2      | Reached skill level 1 in Evocations
  1452 | D:2      | Reached XP level 4. HP: 32/32 MP: 11/11
  2482 | D:3      | Found a sparkling altar of Nemelex Xobeh.
  2482 | D:3      | Found a broken altar of Ashenzari.
  3084 | D:3      | Reached skill level 1 in Conjurations
  3084 | D:3      | Reached skill level 1 in Hexes
  3084 | D:3      | Reached skill level 1 in Summonings
  3084 | D:3      | Reached skill level 1 in Necromancy
  3084 | D:3      | Reached skill level 1 in Translocations
  3084 | D:3      | Reached skill level 1 in Transmutations
  3084 | D:3      | Reached skill level 1 in Fire Magic
  3084 | D:3      | Reached skill level 1 in Air Magic
  3084 | D:3      | Reached skill level 1 in Earth Magic
  3084 | D:3      | Reached skill level 1 in Poison Magic
  3488 | D:4      | Found a glowing drain.
  3507 | Sewer    | Entered a sewer
  3528 | Sewer    | Reached XP level 5. HP: 37/37 MP: 9/12
  4188 | D:4      | Reached skill level 2 in Invocations
  4188 | D:4      | Reached XP level 6. HP: 18/44 MP: 8/13
  4196 | D:4      | HP: 10/44 [orc/boomerang (4)]
  4707 | D:4      | Noticed Edmund
  4714 | D:4      | Killed Edmund
  4715 | D:4      | Reached skill level 2 in Fighting
  4715 | D:4      | Reached skill level 2 in Short Blades
  4715 | D:4      | Reached skill level 2 in Long Blades
  4715 | D:4      | Reached skill level 2 in Axes
  4715 | D:4      | Reached skill level 2 in Maces & Flails
  4715 | D:4      | Reached skill level 2 in Polearms
  4715 | D:4      | Reached skill level 2 in Staves
  4715 | D:4      | Reached skill level 2 in Slings
  4715 | D:4      | Reached skill level 2 in Bows
  4715 | D:4      | Reached skill level 2 in Crossbows
  4715 | D:4      | Reached skill level 2 in Throwing
  4715 | D:4      | Reached skill level 2 in Armour
  4715 | D:4      | Reached skill level 5 in Dodging
  4715 | D:4      | Reached skill level 2 in Shields
  4715 | D:4      | Reached skill level 2 in Unarmed Combat
  4715 | D:4      | Reached skill level 2 in Evocations
  5039 | D:5      | Entered Level 5 of the Dungeon
  5039 | D:5      | Noticed an ice beast
  5050 | D:5      | Killed an ice beast
  5051 | D:5      | Reached XP level 7. HP: 41/50 MP: 15/15
  5243 | D:5      | Got a faintly glowing plate armour
  5254 | D:5      | Identified the +11 plate armour "Gautadaj" {rF+ Dex+4} (You
                  | found it on level 5 of the Dungeon)
  5277 | D:5      | Reached skill level 2 in Conjurations
  5277 | D:5      | Reached skill level 2 in Hexes
  5277 | D:5      | Reached skill level 2 in Summonings
  5277 | D:5      | Reached skill level 2 in Necromancy
  5277 | D:5      | Reached skill level 2 in Translocations
  5277 | D:5      | Reached skill level 2 in Transmutations
  5277 | D:5      | Reached skill level 2 in Fire Magic
  5277 | D:5      | Reached skill level 2 in Air Magic
  5277 | D:5      | Reached skill level 2 in Earth Magic
  5277 | D:5      | Reached skill level 2 in Poison Magic
  5333 | D:5      | Reached skill level 5 in Stealth
  5454 | D:5      | Reached skill level 3 in Invocations
  5579 | D:5      | Found a stormy altar of Qazlal.
  5703 | D:5      | Reached skill level 3 in Fighting
  5703 | D:5      | Reached skill level 3 in Short Blades
  5703 | D:5      | Reached skill level 3 in Long Blades
  5703 | D:5      | Reached skill level 3 in Axes
  5703 | D:5      | Reached skill level 3 in Maces & Flails
  5703 | D:5      | Reached skill level 3 in Polearms
  5703 | D:5      | Reached skill level 3 in Staves
  5703 | D:5      | Reached skill level 3 in Slings
  5703 | D:5      | Reached skill level 3 in Bows
  5703 | D:5      | Reached skill level 3 in Crossbows
  5703 | D:5      | Reached skill level 3 in Throwing
  5703 | D:5      | Reached skill level 3 in Armour
  5703 | D:5      | Reached skill level 3 in Shields
  5703 | D:5      | Reached skill level 3 in Unarmed Combat
  5703 | D:5      | Reached skill level 3 in Evocations
  5703 | D:5      | Reached XP level 8. HP: 58/58 MP: 16/16
  6033 | D:5      | Found a snail-covered altar of Cheibriados.
  6045 | D:5      | Became a worshipper of Cheibriados the Contemplative
  6126 | D:5      | Reached skill level 6 in Spellcasting
  6262 | D:5      | Found a snail-covered altar of Cheibriados.
  6651 | D:6      | Noticed Menkaure
  6661 | D:6      | HP: 6/58 [Menkaure (11)]
  6661 | D:6      | HP: 1/58 [Menkaure (5)]
  6668 | D:6      | Killed Menkaure
  7035 | D:6      | Reached skill level 4 in Invocations
  7125 | D:6      | You pick up a book of Air and begin reading...
  7125 | D:6      | You add the spells Shock, Swiftness, Static Discharge,
                  | Airstrike and Lightning Bolt to your library.
  7229 | D:6      | Reached skill level 3 in Conjurations
  7229 | D:6      | Reached skill level 3 in Hexes
  7229 | D:6      | Reached skill level 3 in Summonings
  7229 | D:6      | Reached skill level 3 in Necromancy
  7229 | D:6      | Reached skill level 3 in Translocations
  7229 | D:6      | Reached skill level 3 in Transmutations
  7229 | D:6      | Reached skill level 3 in Fire Magic
  7229 | D:6      | Reached skill level 3 in Air Magic
  7229 | D:6      | Reached skill level 3 in Earth Magic
  7229 | D:6      | Reached skill level 3 in Poison Magic
  7290 | D:6      | Reached skill level 6 in Dodging
  7300 | D:6      | Reached * piety under Cheibriados
  7301 | D:6      | Reached XP level 9. HP: 19/65 MP: 18/18
  7764 | D:6      | Noticed Pikel
  7791 | D:6      | Killed Pikel
  7792 | D:6      | Reached skill level 4 in Fighting
  7792 | D:6      | Reached skill level 4 in Short Blades
  7792 | D:6      | Reached skill level 4 in Long Blades
  7792 | D:6      | Reached skill level 4 in Axes
  7792 | D:6      | Reached skill level 4 in Maces & Flails
  7792 | D:6      | Reached skill level 4 in Polearms
  7792 | D:6      | Reached skill level 4 in Staves
  7792 | D:6      | Reached skill level 4 in Slings
  7792 | D:6      | Reached skill level 4 in Bows
  7792 | D:6      | Reached skill level 4 in Crossbows
  7792 | D:6      | Reached skill level 4 in Throwing
  7792 | D:6      | Reached skill level 4 in Armour
  7792 | D:6      | Reached skill level 6 in Stealth
  7792 | D:6      | Reached skill level 4 in Shields
  7792 | D:6      | Reached skill level 4 in Unarmed Combat
  7792 | D:6      | Reached skill level 8 in Ice Magic
  7792 | D:6      | Reached skill level 4 in Evocations
  7914 | D:6      | HP: 10/63 [hell rat (9)]
  7915 | D:6      | Reached ** piety under Cheibriados
  8194 | D:6      | Found the +2 ratskin cloak {*Rats rPois rN+ Str-1 Int-1
                  | Dex+1}
  8621 | D:7      | HP: 9/66 [orc priest/divine providence (14)]
  8948 | D:7      | You pick up a book of Misfortune and begin reading...
  8948 | D:7      | You add the spells Confusing Touch, Gell's Gravitas,
                  | Petrify, Metabolic Englaciation and Yara's Violent
                  | Unravelling to your library.
  9036 | D:7      | Reached skill level 5 in Invocations
  9203 | D:7      | Reached *** piety under Cheibriados
  9303 | D:7      | Found a staircase to the Ecumenical Temple.
  9361 | D:7      | Found a glowing golden altar of the Shining One.
  9367 | D:7      | Found a bloodstained altar of Trog.
  9370 | D:7      | Found a radiant altar of Vehumet.
  9520 | D:7      | Found a glowing silver altar of Zin.
  9520 | D:7      | Found an opulent altar of Gozag.
  9682 | D:8      | Noticed Maurice
  9698 | D:8      | Killed Maurice
  9699 | D:8      | Reached skill level 7 in Spellcasting
  9699 | D:8      | Reached XP level 10. HP: 33/73 MP: 20/20
  9921 | D:8      | Reached skill level 4 in Conjurations
  9921 | D:8      | Reached skill level 4 in Hexes
  9921 | D:8      | Reached skill level 4 in Summonings
  9921 | D:8      | Reached skill level 4 in Necromancy
  9921 | D:8      | Reached skill level 4 in Translocations
  9921 | D:8      | Reached skill level 4 in Transmutations
  9921 | D:8      | Reached skill level 4 in Fire Magic
  9921 | D:8      | Reached skill level 4 in Air Magic
  9921 | D:8      | Reached skill level 4 in Earth Magic
  9921 | D:8      | Reached skill level 4 in Poison Magic
  9930 | D:8      | Reached skill level 5 in Fighting
  9930 | D:8      | Reached skill level 5 in Short Blades
  9930 | D:8      | Reached skill level 5 in Long Blades
  9930 | D:8      | Reached skill level 5 in Axes
  9930 | D:8      | Reached skill level 5 in Maces & Flails
  9930 | D:8      | Reached skill level 5 in Polearms
  9930 | D:8      | Reached skill level 5 in Staves
  9930 | D:8      | Reached skill level 5 in Slings
  9930 | D:8      | Reached skill level 5 in Bows
  9930 | D:8      | Reached skill level 5 in Crossbows
  9930 | D:8      | Reached skill level 5 in Throwing
  9930 | D:8      | Reached skill level 5 in Armour
  9930 | D:8      | Reached skill level 5 in Shields
  9930 | D:8      | Reached skill level 5 in Unarmed Combat
  9930 | D:8      | Reached skill level 5 in Evocations
 10001 | D:8      | Noticed a death yak
 10004 | D:8      | Noticed a death yak
 10004 | D:8      | Noticed a death yak
 10020 | D:8      | Killed a death yak
 10021 | D:8      | Reached skill level 7 in Dodging
 10028 | D:8      | Killed a death yak
 10032 | D:8      | Killed a death yak
 10033 | D:8      | Reached skill level 7 in Stealth
 10033 | D:8      | Reached skill level 6 in Invocations
 10033 | D:8      | Reached **** piety under Cheibriados
 10039 | D:8      | Found a staircase to the Lair.
 10424 | D:8      | Found a shimmering altar of Xom.
 10425 | D:8      | Found a hazy altar of Hepliaklqana.
 10426 | D:8      | Noticed a spectral ugly thing
 10477 | D:8      | Noticed Psyche
 10483 | D:8      | Killed Psyche
 11231 | D:9      | Noticed a two-headed ogre
 11237 | D:9      | Killed a two-headed ogre
 11238 | D:9      | Reached XP level 11. HP: 81/81 MP: 15/22
 11281 | D:9      | Found a basalt altar of Yredelemnul.
 11317 | D:9      | Reached skill level 6 in Fighting
 11317 | D:9      | Reached skill level 6 in Short Blades
 11317 | D:9      | Reached skill level 6 in Long Blades
 11317 | D:9      | Reached skill level 6 in Axes
 11317 | D:9      | Reached skill level 6 in Maces & Flails
 11317 | D:9      | Reached skill level 6 in Polearms
 11317 | D:9      | Reached skill level 6 in Staves
 11317 | D:9      | Reached skill level 6 in Slings
 11317 | D:9      | Reached skill level 6 in Bows
 11317 | D:9      | Reached skill level 6 in Crossbows
 11317 | D:9      | Reached skill level 6 in Throwing
 11317 | D:9      | Reached skill level 6 in Armour
 11317 | D:9      | Reached skill level 6 in Shields
 11317 | D:9      | Reached skill level 6 in Unarmed Combat
 11317 | D:9      | Reached skill level 6 in Evocations
 11320 | D:9      | Reached skill level 5 in Conjurations
 11320 | D:9      | Reached skill level 5 in Hexes
 11320 | D:9      | Reached skill level 5 in Summonings
 11320 | D:9      | Reached skill level 5 in Necromancy
 11320 | D:9      | Reached skill level 5 in Translocations
 11320 | D:9      | Reached skill level 5 in Transmutations
 11320 | D:9      | Reached skill level 5 in Fire Magic
 11320 | D:9      | Reached skill level 5 in Air Magic
 11320 | D:9      | Reached skill level 5 in Earth Magic
 11320 | D:9      | Reached skill level 5 in Poison Magic
 11320 | D:9      | Reached ***** piety under Cheibriados
 11579 | D:9      | Reached skill level 8 in Spellcasting
 11853 | D:9      | Found a staircase to the Orcish Mines.
 11872 | D:10     | Entered Level 10 of the Dungeon
 12093 | D:10     | Found a hide-covered altar of Uskayaw.
 12107 | D:10     | Identified a scroll of acquirement
 12109 | D:10     | Acquired 1021 gold pieces
 12542 | D:10     | Reached skill level 9 in Ice Magic
 12542 | D:10     | Reached skill level 7 in Invocations
 12551 | D:10     | Reached skill level 8 in Dodging
 12893 | D:10     | Reached ****** piety under Cheibriados
 13036 | D:10     | Noticed a two-headed ogre
 13044 | D:10     | Killed a two-headed ogre
 13045 | D:10     | Reached skill level 8 in Stealth
 13148 | D:10     | You pick up a book of Maledictions and begin reading...
 13148 | D:10     | You add the spells Corona, Ensorcelled Hibernation,
                  | Tukima's Dance and Dazzling Flash to your library.
 13366 | Lair:1   | Entered Level 1 of the Lair of Beasts
 13480 | Lair:1   | Reached XP level 12. HP: 89/89 MP: 24/24
 13688 | Lair:1   | Reached skill level 7 in Fighting
 13688 | Lair:1   | Reached skill level 7 in Short Blades
 13688 | Lair:1   | Reached skill level 7 in Long Blades
 13688 | Lair:1   | Reached skill level 7 in Axes
 13688 | Lair:1   | Reached skill level 7 in Maces & Flails
 13688 | Lair:1   | Reached skill level 7 in Polearms
 13688 | Lair:1   | Reached skill level 7 in Staves
 13688 | Lair:1   | Reached skill level 7 in Slings
 13688 | Lair:1   | Reached skill level 7 in Bows
 13688 | Lair:1   | Reached skill level 7 in Crossbows
 13688 | Lair:1   | Reached skill level 7 in Throwing
 13688 | Lair:1   | Reached skill level 7 in Armour
 13688 | Lair:1   | Reached skill level 7 in Shields
 13688 | Lair:1   | Reached skill level 7 in Unarmed Combat
 13688 | Lair:1   | Reached skill level 7 in Evocations
 13949 | Lair:1   | You pick up a book of Changes and begin reading...
 13949 | Lair:1   | You add the spells Beastly Appendage, Wereblood, Spider
                  | Form, Ice Form and Blade Hands to your library.
 14589 | Lair:2   | Noticed an eight-headed hydra
 14598 | Lair:2   | Killed an eight-headed hydra
 14599 | Lair:2   | Reached skill level 6 in Conjurations
 14599 | Lair:2   | Reached skill level 6 in Hexes
 14599 | Lair:2   | Reached skill level 6 in Summonings
 14599 | Lair:2   | Reached skill level 6 in Necromancy
 14599 | Lair:2   | Reached skill level 6 in Translocations
 14599 | Lair:2   | Reached skill level 6 in Transmutations
 14599 | Lair:2   | Reached skill level 6 in Fire Magic
 14599 | Lair:2   | Reached skill level 6 in Air Magic
 14599 | Lair:2   | Reached skill level 6 in Earth Magic
 14599 | Lair:2   | Reached skill level 6 in Poison Magic
 14661 | Lair:2   | Reached skill level 8 in Invocations
 14755 | Lair:2   | Reached skill level 9 in Spellcasting
 15131 | Lair:2   | Reached skill level 9 in Dodging
 15434 | Lair:2   | You add the spells Sting, Poisonous Vapours, Mephitic
                  | Cloud, Ignite Poison and Olgreb's Toxic Radiance to your
                  | library.
 15702 | Lair:2   | Reached skill level 9 in Stealth
 15702 | Lair:2   | Reached XP level 13. HP: 73/98 MP: 22/26
 15954 | Lair:2   | You pick up a book of Changes and begin reading...
 16291 | Lair:2   | magus.rc [v1.9.10]
 16325 | Lair:3   | Found a staircase to the Swamp.
 16452 | Lair:3   | Reached skill level 8 in Fighting
 16452 | Lair:3   | Reached skill level 8 in Short Blades
 16452 | Lair:3   | Reached skill level 8 in Long Blades
 16452 | Lair:3   | Reached skill level 8 in Axes
 16452 | Lair:3   | Reached skill level 8 in Maces & Flails
 16452 | Lair:3   | Reached skill level 8 in Polearms
 16452 | Lair:3   | Reached skill level 8 in Staves
 16452 | Lair:3   | Reached skill level 8 in Slings
 16452 | Lair:3   | Reached skill level 8 in Bows
 16452 | Lair:3   | Reached skill level 8 in Crossbows
 16452 | Lair:3   | Reached skill level 8 in Throwing
 16452 | Lair:3   | Reached skill level 8 in Armour
 16452 | Lair:3   | Reached skill level 8 in Shields
 16452 | Lair:3   | Reached skill level 8 in Unarmed Combat
 16452 | Lair:3   | Reached skill level 8 in Evocations
 16624 | Lair:3   | Got a warped ring mail
 16643 | Lair:3   | Identified the cursed +0 ring mail of Elitism {rN+ MP+9}
                  | (You found it on level 3 of the Lair of Beasts)
 16914 | Lair:3   | Learned a level 4 spell: Olgreb's Toxic Radiance
 16918 | Lair:3   | Learned a level 3 spell: Ignite Poison
 17779 | Lair:4   | Reached skill level 9 in Invocations
 17850 | Lair:4   | Found a staircase to the Snake Pit.
 18426 | Lair:5   | Reached skill level 10 in Ice Magic
 18434 | Lair:5   | Reached skill level 7 in Conjurations
 18434 | Lair:5   | Reached skill level 7 in Hexes
 18434 | Lair:5   | Reached skill level 7 in Summonings
 18434 | Lair:5   | Reached skill level 7 in Necromancy
 18434 | Lair:5   | Reached skill level 7 in Translocations
 18434 | Lair:5   | Reached skill level 7 in Transmutations
 18434 | Lair:5   | Reached skill level 7 in Fire Magic
 18434 | Lair:5   | Reached skill level 7 in Air Magic
 18434 | Lair:5   | Reached skill level 7 in Earth Magic
 18434 | Lair:5   | Reached skill level 7 in Poison Magic
 18919 | Lair:5   | Reached skill level 10 in Spellcasting
 19318 | Lair:5   | Found a runed translucent door.
 19319 | Lair:5   | Found a viscous altar of Jiyva.
 19322 | Lair:5   | Found a staircase to the Slime Pits.
 19322 | Lair:5   | Noticed an acid blob
 19536 | Lair:6   | Entered Level 6 of the Lair of Beasts
 19947 | Lair:6   | Reached XP level 14. HP: 65/106 MP: 28/28
 20147 | Lair:6   | Reached skill level 10 in Dodging
 20403 | Lair:6   | Got a sparkling glass ring
 20404 | Lair:6   | Identified the ring "Torph" {*Contam +Fly Str+3 Int+8 SInv}
                  | (You found it on level 6 of the Lair of Beasts)
 20455 | Lair:6   | Learned a level 5 spell: Metabolic Englaciation
 20514 | Lair:6   | Reached skill level 9 in Fighting
 20514 | Lair:6   | Reached skill level 9 in Short Blades
 20514 | Lair:6   | Reached skill level 9 in Long Blades
 20514 | Lair:6   | Reached skill level 9 in Axes
 20514 | Lair:6   | Reached skill level 9 in Maces & Flails
 20514 | Lair:6   | Reached skill level 9 in Polearms
 20514 | Lair:6   | Reached skill level 9 in Staves
 20514 | Lair:6   | Reached skill level 9 in Slings
 20514 | Lair:6   | Reached skill level 9 in Bows
 20514 | Lair:6   | Reached skill level 9 in Crossbows
 20514 | Lair:6   | Reached skill level 9 in Throwing
 20514 | Lair:6   | Reached skill level 9 in Armour
 20514 | Lair:6   | Reached skill level 9 in Shields
 20514 | Lair:6   | Reached skill level 9 in Unarmed Combat
 20514 | Lair:6   | Reached skill level 9 in Evocations
 20680 | Lair:6   | Reached skill level 10 in Stealth
 21136 | Lair:6   | Reached skill level 10 in Invocations
 21970 | Lair:6   | Got an ancient copper amulet
 21981 | Lair:6   | Identified the amulet of Xarrogh {Faith Fragile +Blink
                  | rPois Dex-3} (You found it on level 6 of the Lair of
                  | Beasts)
 22191 | Orc:1    | Entered Level 1 of the Orcish Mines
 22295 | Orc:1    | Noticed an orc warlord
 22310 | Orc:1    | Killed an orc warlord
 22535 | Orc:1    | You fall into a shaft and drop 1 floor!
 22535 | Orc:2    | Entered Level 2 of the Orcish Mines
 22540 | Orc:2    | Found a roughly hewn altar of Beogh.
 22541 | Orc:2    | Noticed Jorgrun
 22686 | Orc:2    | Killed Jorgrun
 23538 | Orc:2    | Reached skill level 8 in Conjurations
 23538 | Orc:2    | Reached skill level 8 in Hexes
 23538 | Orc:2    | Reached skill level 8 in Summonings
 23538 | Orc:2    | Reached skill level 8 in Necromancy
 23538 | Orc:2    | Reached skill level 8 in Translocations
 23538 | Orc:2    | Reached skill level 8 in Transmutations
 23538 | Orc:2    | Reached skill level 8 in Fire Magic
 23538 | Orc:2    | Reached skill level 8 in Air Magic
 23538 | Orc:2    | Reached skill level 8 in Earth Magic
 23538 | Orc:2    | Reached skill level 8 in Poison Magic
 24784 | Orc:2    | Noticed an orc warlord
 24794 | Orc:2    | Killed an orc warlord
 24795 | Orc:2    | Reached XP level 15. HP: 115/115 MP: 18/29
 25120 | Orc:2    | Paralysed by an orc sorcerer for 5 turns
 25326 | Orc:2    | Found Oludeebe's General Store.
 25327 | Orc:2    | Found Lacroell's Book Shop.
 25329 | Orc:2    | Found Wirphoysm's Antique Armour Boutique.
 25329 | Orc:2    | Found Ryqousim's Antique Weapon Boutique.
 25334 | Orc:2    | Bought a runed kite shield for 210 gold pieces
 25334 | Orc:2    | Bought a spiked buckler for 266 gold pieces
 25334 | Orc:2    | Bought an embroidered hat for 196 gold pieces
 25354 | Orc:2    | Identified the +1 buckler of Leaves {rC+ Int-4 Dex+4} (You
                  | bought it in a shop on level 2 of the Orcish Mines)
 25469 | Orc:2    | Found a staircase to the Elven Halls.
 25740 | D:11     | Noticed a fire giant
 25748 | D:11     | Killed a fire giant
 25749 | D:11     | Reached skill level 11 in Spellcasting
 26067 | D:11     | Got a fine leather armour
 26105 | D:11     | Identified the +3 leather armour of Insecurity {rPois rC+
                  | Will++ Str-2} (You found it on level 11 of the Dungeon)
 26110 | D:11     | Learned a level 4 spell: Airstrike
 26366 | D:11     | You pick up a book of Conjurations and begin reading...
 26366 | D:11     | You add the spells Magic Dart, Searing Ray, Fulminant Prism
                  | and Iskenderun's Mystic Blast to your library.
 26368 | D:11     | You pick up a book of Minor Magic and begin reading...
 26368 | D:11     | You add the spells Blink, Call Imp, Slow and Conjure Flame
                  | to your library.
 26372 | D:11     | Learned a level 2 spell: Blink
 26377 | D:11     | Learned a level 4 spell: Iskenderun's Mystic Blast
 26791 | D:11     | You pick up a book of Hexes and begin reading...
 26791 | D:11     | You add the spells Cause Fear, Silence and Discord to your
                  | library.
 27012 | D:12     | You pick up a book of Summonings and begin reading...
 27012 | D:12     | You add the spells Summon Demon, Summon Forest, Summon Mana
                  | Viper, Shadow Creatures and Summon Hydra to your library.
 27031 | D:12     | Found Bofiesi's Armour Shop.
 27125 | D:12     | Reached skill level 10 in Fighting
 27125 | D:12     | Reached skill level 10 in Short Blades
 27125 | D:12     | Reached skill level 10 in Long Blades
 27125 | D:12     | Reached skill level 10 in Axes
 27125 | D:12     | Reached skill level 10 in Maces & Flails
 27125 | D:12     | Reached skill level 10 in Polearms
 27125 | D:12     | Reached skill level 10 in Staves
 27125 | D:12     | Reached skill level 10 in Slings
 27125 | D:12     | Reached skill level 10 in Bows
 27125 | D:12     | Reached skill level 10 in Crossbows
 27125 | D:12     | Reached skill level 10 in Throwing
 27125 | D:12     | Reached skill level 10 in Armour
 27125 | D:12     | Reached skill level 10 in Shields
 27125 | D:12     | Reached skill level 10 in Unarmed Combat
 27125 | D:12     | Reached skill level 10 in Evocations
 27407 | D:12     | You pick up a book of Air and begin reading...
 27429 | D:12     | Found Upucwou's Book Shop.
 27432 | D:12     | Bought a manual of Transmutations for 1545 gold pieces
 27586 | D:12     | Noticed Frances
 27594 | D:12     | Killed Frances
 27595 | D:12     | Reached skill level 11 in Dodging
 27789 | D:12     | Found Xajir's Weapon Shoppe.
 28109 | D:13     | Reached skill level 11 in Ice Magic
 28493 | D:13     | Reached skill level 11 in Invocations
 29251 | D:14     | You pick up a book of the Earth and begin reading...
 29251 | D:14     | You add the spells Leda's Liquefaction, Bolt of Magma,
                  | Statue Form, Iron Shot and Shatter to your library.
 29259 | D:14     | Learned a level 6 spell: Iron Shot
 29259 | D:14     | Found Tafink's Magic Scroll Boutique.
 29404 | D:14     | Reached skill level 11 in Stealth
 29713 | D:14     | Found a gate to the Vaults.
 29816 | D:14     | Reached skill level 9 in Transmutations
 30491 | D:15     | Entered Level 15 of the Dungeon
 30865 | D:15     | You add the spells Corpse Rot, Stone Arrow, Eringya's
                  | Noxious Bog and Hydra Form to your library.
 30878 | D:15     | Reached XP level 16. HP: 106/123 MP: 19/31
 31359 | D:15     | Found a staircase to the Depths.
 31582 | D:15     | Reached skill level 9 in Conjurations
 31582 | D:15     | Reached skill level 9 in Hexes
 31582 | D:15     | Reached skill level 9 in Summonings
 31582 | D:15     | Reached skill level 9 in Necromancy
 31582 | D:15     | Reached skill level 9 in Translocations
 31582 | D:15     | Reached skill level 9 in Fire Magic
 31582 | D:15     | Reached skill level 9 in Air Magic
 31582 | D:15     | Reached skill level 9 in Earth Magic
 31582 | D:15     | Reached skill level 9 in Poison Magic
 31816 | D:15     | an orc warrior comes into view. It is wielding a +0
                  | scimitar of holy wrath and wearing the +18 shield of the
                  | Gong {rElec rN+ Will+ EV-5}.
 32241 | D:15     | Found a portal to a secret trove of treasure.
 32288 | D:15     | This trove needs a +6 demon trident to function. Give it
                  | the item?
 32431 | D:15     | You pick up a book of Death and begin reading...
 32431 | D:15     | You add the spells Sublimation of Blood, Dispel Undead,
                  | Agony and Excruciating Wounds to your library.
 33279 | Lair:2   | magus.rc [v1.9.10]
 33318 | Swamp:1  | Entered Level 1 of the Swamp
 33322 | Swamp:1  | Learned a level 2 spell: Sublimation of Blood
 33349 | Swamp:1  | HP: 10/124 [will-o-the-wisp/foxfire (24)]
 34046 | Swamp:1  | Got a translucent granite ring
 34048 | Swamp:1  | Identified the ring of the Mackerel {Fire Str+5} (You found
                  | it on level 1 of the Swamp)
 34333 | Swamp:2  | Found a frozen archway.
 34454 | IceCv    | Entered an ice cave
 35286 | IceCv    | Reached skill level 10 in Transmutations
 35436 | IceCv    | You pick up a book of Ice and begin reading...
 35436 | IceCv    | You add the spells Ozocubu's Refrigeration, Freezing Cloud
                  | and Simulacrum to your library.
 35443 | IceCv    | Got a sparkling glass ring
 35445 | IceCv    | Identified the cursed ring of the Soothsayer {*Corrode rC+
                  | Str-4 Dex+3 Stlth+} (You found it in an ice cave)
 35630 | Lair:2   | Learned a level 6 spell: Ozocubu's Refrigeration
 36565 | Swamp:3  | Reached skill level 11 in Fighting
 36565 | Swamp:3  | Reached skill level 11 in Short Blades
 36565 | Swamp:3  | Reached skill level 11 in Long Blades
 36565 | Swamp:3  | Reached skill level 11 in Axes
 36565 | Swamp:3  | Reached skill level 11 in Maces & Flails
 36565 | Swamp:3  | Reached skill level 11 in Polearms
 36565 | Swamp:3  | Reached skill level 11 in Staves
 36565 | Swamp:3  | Reached skill level 11 in Slings
 36565 | Swamp:3  | Reached skill level 11 in Bows
 36565 | Swamp:3  | Reached skill level 11 in Crossbows
 36565 | Swamp:3  | Reached skill level 11 in Throwing
 36565 | Swamp:3  | Reached skill level 11 in Armour
 36565 | Swamp:3  | Reached skill level 11 in Shields
 36565 | Swamp:3  | Reached skill level 11 in Unarmed Combat
 36565 | Swamp:3  | Reached skill level 11 in Evocations
 36597 | Swamp:3  | Noticed a fenstrider witch
 36802 | Swamp:3  | Killed a fenstrider witch
 36803 | Swamp:3  | Reached skill level 12 in Spellcasting
 36972 | Swamp:3  | You pick up a book of Unlife and begin reading...
 36972 | Swamp:3  | You add the spells Animate Dead, Borgnjor's Vile Clutch and
                  | Death Channel to your library.
 36974 | Swamp:3  | You pick up a book of Fire and begin reading...
 36974 | Swamp:3  | You add the spells Fireball, Starburst and Ignition to your
                  | library.
 37028 | Swamp:3  | Got a masterwork longbow
 37277 | Swamp:3  | Reached skill level 12 in Invocations
 37421 | Swamp:3  | Identified the cursed +2 longbow of the Bespelling Asp
                  | {vorpal, rPois} (You found it on level 3 of the Swamp)
 37569 | Swamp:3  | Got a smouldering great sword
 37570 | Swamp:3  | Identified the cursed +2 great sword "Qaut" {freeze, +Fly
                  | Int+3 Dex-5 SInv} (You found it on level 3 of the Swamp)
 38129 | Swamp:4  | Entered Level 4 of the Swamp
 38231 | Swamp:4  | Reached skill level 12 in Dodging
 38422 | Swamp:4  | Reached XP level 17. HP: 131/131 MP: 13/33
 38552 | Swamp:4  | You pick up a book of Summonings and begin reading...
 38665 | Swamp:4  | Noticed Donald
 38680 | Swamp:4  | Killed Donald
 38930 | Swamp:4  | Reached skill level 12 in Stealth
 40009 | Swamp:4  | Got a decaying rune of Zot
 40388 | Snake:1  | Entered Level 1 of the Snake Pit
 40498 | Snake:1  | Identified The Arcane Arts, Part Three
 40499 | Snake:1  | You add the spells Portal Projectile and Call Canine
                  | Familiar to your library.
 40530 | Snake:1  | Reached skill level 11 in Transmutations
 40864 | Snake:1  | Reached skill level 12 in Ice Magic
 40879 | Snake:1  | Acquired the amulet of Yjebeq {Reflect rN+ Dex+4 SH+5}
 40984 | Snake:1  | Reached skill level 10 in Conjurations
 40984 | Snake:1  | Reached skill level 10 in Hexes
 40984 | Snake:1  | Reached skill level 10 in Summonings
 40984 | Snake:1  | Reached skill level 10 in Necromancy
 40984 | Snake:1  | Reached skill level 10 in Translocations
 40984 | Snake:1  | Reached skill level 10 in Fire Magic
 40984 | Snake:1  | Reached skill level 10 in Air Magic
 40984 | Snake:1  | Reached skill level 10 in Earth Magic
 40984 | Snake:1  | Reached skill level 10 in Poison Magic
 41389 | Snake:2  | Noticed Aizul
 41393 | Snake:2  | Killed Aizul
 41655 | Snake:2  | Found Muowid's Antique Armour Shop.
 41663 | Snake:2  | Bought a twisted ring mail for 297 gold pieces
 41663 | Snake:2  | Bought a pair of glowing boots for 247 gold pieces
 41684 | Snake:2  | Identified the +3 ring mail "Haom" {Will- Regen+ Dex+4
                  | Slay+3} (You bought it in a shop on level 2 of the Snake
                  | Pit)
 42325 | Snake:3  | Reached XP level 18. HP: 120/140 MP: 11/34
 42700 | Snake:3  | Reached skill level 12 in Fighting
 42700 | Snake:3  | Reached skill level 12 in Short Blades
 42700 | Snake:3  | Reached skill level 12 in Long Blades
 42700 | Snake:3  | Reached skill level 12 in Axes
 42700 | Snake:3  | Reached skill level 12 in Maces & Flails
 42700 | Snake:3  | Reached skill level 12 in Polearms
 42700 | Snake:3  | Reached skill level 12 in Staves
 42700 | Snake:3  | Reached skill level 12 in Slings
 42700 | Snake:3  | Reached skill level 12 in Bows
 42700 | Snake:3  | Reached skill level 12 in Crossbows
 42700 | Snake:3  | Reached skill level 12 in Throwing
 42700 | Snake:3  | Reached skill level 12 in Armour
 42700 | Snake:3  | Reached skill level 12 in Shields
 42700 | Snake:3  | Reached skill level 12 in Unarmed Combat
 42700 | Snake:3  | Reached skill level 12 in Evocations
 42925 | Snake:3  | Found a runed translucent gate.
 42928 | Snake:3  | Found a runed translucent gate.
 42928 | Snake:3  | Found a runed translucent gate.
 42929 | Snake:3  | Noticed Tinaukou's ghost (adept MiGl)
 42943 | Snake:3  | Got a bloodstained long sword
 43023 | Snake:3  | Killed Tinaukou's ghost
 43024 | Snake:3  | Reached skill level 13 in Invocations
 43545 | Snake:3  | Identified the cursed +2 long sword of Plague {speed,
                  | Str+6} (You found it on level 3 of the Snake Pit)
 43579 | Snake:4  | Entered Level 4 of the Snake Pit
 43762 | Snake:4  | Reached skill level 13 in Spellcasting
 43790 | Snake:4  | Reached skill level 12 in Transmutations
 44030 | Snake:4  | Reached skill level 13 in Dodging
 44495 | Snake:4  | Reached skill level 13 in Stealth
 44718 | Snake:4  | Found Lozxosch's Assorted Antiques.
 45075 | Snake:4  | Noticed Vashnia
 45084 | Snake:4  | Killed Vashnia
 45085 | Snake:4  | Reached XP level 19. HP: 108/147 MP: 21/36
 45575 | Snake:4  | Got a serpentine rune of Zot
 45990 | Vaults:1 | Entered Level 1 of the Vaults
 46259 | Vaults:1 | Noticed Saint Roka
 46265 | Vaults:1 | Killed Saint Roka
 46283 | Vaults:1 | Reached skill level 11 in Conjurations
 46283 | Vaults:1 | Reached skill level 11 in Hexes
 46283 | Vaults:1 | Reached skill level 11 in Summonings
 46283 | Vaults:1 | Reached skill level 11 in Necromancy
 46283 | Vaults:1 | Reached skill level 11 in Translocations
 46283 | Vaults:1 | Reached skill level 11 in Fire Magic
 46283 | Vaults:1 | Reached skill level 11 in Air Magic
 46283 | Vaults:1 | Reached skill level 11 in Earth Magic
 46283 | Vaults:1 | Reached skill level 11 in Poison Magic
 46891 | Vaults:1 | Learned a level 5 spell: Fireball
 47075 | Vaults:1 | Reached skill level 13 in Transmutations
 47789 | Vaults:1 | Reached skill level 14 in Invocations
 47941 | Vaults:1 | Reached skill level 13 in Fighting
 47941 | Vaults:1 | Reached skill level 13 in Short Blades
 47941 | Vaults:1 | Reached skill level 13 in Long Blades
 47941 | Vaults:1 | Reached skill level 13 in Axes
 47941 | Vaults:1 | Reached skill level 13 in Maces & Flails
 47941 | Vaults:1 | Reached skill level 13 in Polearms
 47941 | Vaults:1 | Reached skill level 13 in Staves
 47941 | Vaults:1 | Reached skill level 13 in Slings
 47941 | Vaults:1 | Reached skill level 13 in Bows
 47941 | Vaults:1 | Reached skill level 13 in Crossbows
 47941 | Vaults:1 | Reached skill level 13 in Throwing
 47941 | Vaults:1 | Reached skill level 13 in Armour
 47941 | Vaults:1 | Reached skill level 13 in Shields
 47941 | Vaults:1 | Reached skill level 13 in Unarmed Combat
 47941 | Vaults:1 | Reached skill level 13 in Evocations
 48138 | Vaults:2 | Got a distressingly furry ring mail
 48139 | Vaults:2 | Identified the +1 ring mail "Eracapu" {rCorr Int-4 Dex+5
                  | Stlth+} (You found it on level 2 of the Vaults)
 48341 | Vaults:2 | Reached skill level 13 in Ice Magic
 48424 | Vaults:2 | Reached XP level 20. HP: 59/156 MP: 1/37
 49125 | Vaults:2 | You pick up a book of the Dragon and begin reading...
 49125 | Vaults:2 | You add the spells Foxfire, Dragon Form and Dragon's Call
                  | to your library.
 49385 | Vaults:2 | Reached skill level 14 in Spellcasting
 50017 | Vaults:3 | Noticed Bai Suzhen
 50025 | Vaults:3 | Killed Bai Suzhen
 50101 | Vaults:3 | Reached skill level 14 in Dodging
 50359 | Vaults:3 | Identified a potion of experience
 50631 | Vaults:3 | Reached skill level 14 in Stealth
 51085 | Vaults:3 | Found a staircase to the Crypt.
 51395 | Vaults:3 | Got a crude hand axe
 51396 | Vaults:3 | Identified the +5 hand axe of Honour {vamp, Will+ Str+2
                  | Dex+3} (You found it on level 3 of the Vaults)
 52285 | Vaults:4 | Reached skill level 14 in Transmutations
 52677 | Vaults:4 | Reached XP level 21. HP: 132/164 MP: 6/39
 52857 | Vaults:4 | Noticed Jory
 52882 | Vaults:3 | Killed Jory
 53480 | Vaults:4 | Reached skill level 15 in Invocations
 53484 | Vaults:4 | Reached skill level 12 in Conjurations
 53484 | Vaults:4 | Reached skill level 12 in Hexes
 53484 | Vaults:4 | Reached skill level 12 in Summonings
 53484 | Vaults:4 | Reached skill level 12 in Necromancy
 53484 | Vaults:4 | Reached skill level 12 in Translocations
 53484 | Vaults:4 | Reached skill level 12 in Fire Magic
 53484 | Vaults:4 | Reached skill level 12 in Air Magic
 53484 | Vaults:4 | Reached skill level 12 in Earth Magic
 53484 | Vaults:4 | Reached skill level 12 in Poison Magic
 54174 | Vaults:4 | Reached skill level 14 in Fighting
 54174 | Vaults:4 | Reached skill level 14 in Short Blades
 54174 | Vaults:4 | Reached skill level 14 in Long Blades
 54174 | Vaults:4 | Reached skill level 14 in Axes
 54174 | Vaults:4 | Reached skill level 14 in Maces & Flails
 54174 | Vaults:4 | Reached skill level 14 in Polearms
 54174 | Vaults:4 | Reached skill level 14 in Staves
 54174 | Vaults:4 | Reached skill level 14 in Slings
 54174 | Vaults:4 | Reached skill level 14 in Bows
 54174 | Vaults:4 | Reached skill level 14 in Crossbows
 54174 | Vaults:4 | Reached skill level 14 in Throwing
 54174 | Vaults:4 | Reached skill level 14 in Armour
 54174 | Vaults:4 | Reached skill level 14 in Shields
 54174 | Vaults:4 | Reached skill level 14 in Unarmed Combat
 54174 | Vaults:4 | Reached skill level 14 in Evocations
 54678 | Vaults:5 | Entered Level 5 of the Vaults
 55359 | Lair:2   | Reached XP level 22. HP: 172/172 MP: 40/40
 55580 | Depths:1 | Entered Level 1 of the Depths
 55638 | Depths:1 | Reached skill level 15 in Spellcasting
 55958 | Depths:1 | Reached skill level 15 in Transmutations
 56034 | Depths:1 | Reached skill level 15 in Dodging
 56034 | Depths:1 | Reached XP level 23. HP: 69/179 MP: 0/42
 56825 | Depths:1 | Reached skill level 14 in Ice Magic
 57405 | Depths:1 | Found a gateway to a ziggurat.
 57418 | Depths:1 | Found a gateway to Hell.
 57586 | Depths:2 | Reached skill level 15 in Stealth
 59980 | Depths:2 | Acquired a Grand Grimoire
 59983 | Depths:2 | You add the spells Monstrous Menagerie, Summon Greater
                  | Demon, Malign Gateway and Summon Horrible Things to your
                  | library.
 60068 | Depths:3 | Found a one-way gate to the infinite horrors of the Abyss.
 60235 | Depths:3 | Reached skill level 16 in Invocations
 60383 | Depths:3 | Noticed a golden dragon
 60387 | Depths:3 | Noticed a caustic shrike
 60399 | Depths:2 | Killed a caustic shrike
 60407 | Depths:2 | Killed a golden dragon
 60537 | Depths:3 | Reached skill level 15 in Fighting
 60537 | Depths:3 | Reached skill level 15 in Short Blades
 60537 | Depths:3 | Reached skill level 15 in Long Blades
 60537 | Depths:3 | Reached skill level 15 in Axes
 60537 | Depths:3 | Reached skill level 15 in Maces & Flails
 60537 | Depths:3 | Reached skill level 15 in Polearms
 60537 | Depths:3 | Reached skill level 15 in Staves
 60537 | Depths:3 | Reached skill level 15 in Slings
 60537 | Depths:3 | Reached skill level 15 in Bows
 60537 | Depths:3 | Reached skill level 15 in Crossbows
 60537 | Depths:3 | Reached skill level 15 in Throwing
 60537 | Depths:3 | Reached skill level 15 in Armour
 60537 | Depths:3 | Reached skill level 15 in Shields
 60537 | Depths:3 | Reached skill level 15 in Unarmed Combat
 60537 | Depths:3 | Reached skill level 15 in Evocations
 60665 | Depths:3 | Reached XP level 24. HP: 188/188 MP: 8/42
 60678 | Depths:3 | Noticed a juggernaut
 60824 | Depths:3 | Reached skill level 13 in Conjurations
 60824 | Depths:3 | Reached skill level 13 in Hexes
 60824 | Depths:3 | Reached skill level 13 in Summonings
 60824 | Depths:3 | Reached skill level 13 in Necromancy
 60824 | Depths:3 | Reached skill level 13 in Translocations
 60824 | Depths:3 | Reached skill level 13 in Fire Magic
 60824 | Depths:3 | Reached skill level 13 in Air Magic
 60824 | Depths:3 | Reached skill level 13 in Earth Magic
 60824 | Depths:3 | Reached skill level 13 in Poison Magic
 60824 | Depths:3 | Killed a juggernaut
 60829 | Depths:3 | Identified the +8 trident of Teaxujol {venom, *Slow rPois
                  | rF+ Int+8}
 61004 | Depths:3 | Reached skill level 16 in Transmutations
 61160 | Depths:2 | Learned a level 4 spell: Dispel Undead
 61177 | Depths:3 | Noticed a caustic shrike
 61280 | Depths:3 | Killed a caustic shrike
 61856 | Depths:3 | You pick up a book of Dreams and begin reading...
 61926 | Depths:3 | You pick up a book of Power and begin reading...
 61926 | Depths:3 | You add the spells Iskenderun's Battlesphere, Orb of
                  | Destruction and Spellforged Servitor to your library.
 62442 | Depths:3 | Found Qosmiv's Assorted Antiques.
 62444 | Depths:3 | Found a one-way gate leading to the halls of Pandemonium.
 62450 | Depths:3 | Bought a warped scale mail for 198 gold pieces
 62450 | Depths:3 | Identified the +0 scale mail of Negligence {Str+2} (You
                  | bought it in a shop on level 3 of the Depths)
 62726 | Depths:3 | You pick up a book of Minor Magic and begin reading...
 63939 | Lair:5   | Reached skill level 16 in Spellcasting
 64014 | Slime:1  | Entered Level 1 of the Pits of Slime
 64127 | Slime:1  | Gained mutation: Your magical capacity is low. (-10% MP) [a
                  | shining eye]
 65493 | Slime:2  | Reached skill level 16 in Dodging
 65727 | Slime:2  | Reached skill level 16 in Stealth
 67036 | Slime:3  | Reached XP level 25. HP: 195/195 MP: 20/38
 67190 | Slime:3  | Found a viscous altar of Jiyva.
 67195 | Slime:3  | You fall into a shaft and drop 1 floor!
 67646 | Slime:4  | Gained mutation: Your spells are a little easier to cast,
                  | but a little less powerful. [a shining eye]
 68552 | Slime:5  | Entered Level 5 of the Pits of Slime
 68711 | Slime:5  | Noticed Dissolution
 68719 | Slime:5  | Killed Dissolution
 68720 | Slime:5  | Reached skill level 15 in Ice Magic
 68720 | Slime:5  | Reached skill level 17 in Invocations
 68780 | Slime:5  | Noticed the Royal Jelly
 68813 | Slime:4  | HP: 46/197 [azure jelly[the Royal Jelly] (20)]
 68818 | Slime:4  | HP: 46/197 [azure jelly[the Royal Jelly] (1)]
 69823 | Slime:5  | Reached skill level 17 in Transmutations
 70953 | Slime:5  | Found a viscous altar of Jiyva.
 72136 | Vaults:5 | Reached skill level 16 in Fighting
 72136 | Vaults:5 | Reached skill level 16 in Short Blades
 72136 | Vaults:5 | Reached skill level 16 in Long Blades
 72136 | Vaults:5 | Reached skill level 16 in Axes
 72136 | Vaults:5 | Reached skill level 16 in Maces & Flails
 72136 | Vaults:5 | Reached skill level 16 in Polearms
 72136 | Vaults:5 | Reached skill level 16 in Staves
 72136 | Vaults:5 | Reached skill level 16 in Slings
 72136 | Vaults:5 | Reached skill level 16 in Bows
 72136 | Vaults:5 | Reached skill level 16 in Crossbows
 72136 | Vaults:5 | Reached skill level 16 in Throwing
 72136 | Vaults:5 | Reached skill level 16 in Armour
 72136 | Vaults:5 | Reached skill level 16 in Shields
 72136 | Vaults:5 | Reached skill level 16 in Unarmed Combat
 72136 | Vaults:5 | Reached skill level 16 in Evocations
 72308 | Vaults:4 | +0 shadow dragon scales {rare}; a shadow dragon corpse
 73139 | Vaults:5 | Identified the +2 scale mail of the Ant {Dex+3}
 73323 | Vaults:5 | Reached skill level 14 in Conjurations
 73323 | Vaults:5 | Reached skill level 14 in Hexes
 73323 | Vaults:5 | Reached skill level 14 in Summonings
 73323 | Vaults:5 | Reached skill level 14 in Necromancy
 73323 | Vaults:5 | Reached skill level 14 in Translocations
 73323 | Vaults:5 | Reached skill level 14 in Fire Magic
 73323 | Vaults:5 | Reached skill level 14 in Air Magic
 73323 | Vaults:5 | Reached skill level 14 in Earth Magic
 73323 | Vaults:5 | Reached skill level 14 in Poison Magic
 73460 | Vaults:5 | Reached XP level 26. HP: 205/205 MP: 9/39
 73489 | Vaults:4 | +0 shadow dragon scales {rare}; a shadow dragon corpse
 73967 | Vaults:4 | +0 shadow dragon scales {rare}; a +6 flail of draining; a
                  | shadow dragon corpse
 73974 | Vaults:5 | Identified the +8 long sword of Indomitability {vorpal,
                  | +Rage rN+++ Will+ Dex-4}
 74334 | Vaults:5 | Got an ivory flail
 74337 | Vaults:5 | Identified the +5 flail of Zeryis {vorpal, rF++} (You found
                  | it on level 5 of the Vaults)
 74384 | Vaults:5 | Identified the +3 great sword of the Protecting Fox
                  | {vorpal, rC- rN++}
 74565 | Vaults:5 | Got a warped hand axe
 74569 | Vaults:5 | You pick up a book of Hexes and begin reading...
 74571 | Vaults:5 | Identified the Disquisition on Evil and Curses
 74572 | Vaults:5 | You add the spells Animate Skeleton and Inner Flame to your
                  | library.
 74804 | Vaults:5 | Noticed an ancient lich
 74811 | Vaults:5 | Killed an ancient lich
 74812 | Vaults:5 | Reached skill level 17 in Spellcasting
 75433 | Lair:2   | Identified the +1 hand axe "Tasau" {elec, +Rage rF+ Dex+7}
                  | (You found it on level 5 of the Vaults)
 75450 | Lair:2   | Acquired the +10 demon trident "Dacrysu" {flame, rN+ MP-9
                  | Int+4}
 75727 | D:15     | This trove needs a +6 demon trident to function. Give it
                  | the item?
 75727 | D:15     | You paid a toll of a +10 demon trident to enter a treasure
                  | trove
 75728 | Trove    | Entered a treasure trove
 75733 | Trove    | Got a crude pewter ring
 75737 | Trove    | Got a coiled pewter amulet
 75739 | Trove    | Got a glittering silver ring
 75741 | Trove    | Got a shimmering platinum amulet
 75743 | Trove    | Got a brightly glowing marble ring
 75745 | Trove    | Got a coiled platinum ring
 75747 | Trove    | Got a vibrating iron ring
 75755 | Trove    | Identified the ring of Neurosis {Str+6 Dex+2} (You found it
                  | in a treasure trove)
 75773 | Trove    | Identified the amulet of Uxac {*Slow +Fly Will+ Regen+}
                  | (You found it in a treasure trove)
 75791 | Trove    | Got a pitted platinum amulet
 75799 | Trove    | Identified the amulet "Exoveqad" {Spirit rN++ Int+4 Slay+2}
                  | (You found it in a treasure trove)
 75806 | Trove    | Got a shimmering turquoise ring
 75825 | Trove    | Identified the ring of Syndicalism {rCorr Str+4} (You found
                  | it in a treasure trove)
 75831 | Trove    | Identified the amulet "Seczocy" {Spirit rC+ rN++} (You
                  | found it in a treasure trove)
 75844 | Trove    | Identified the ring "Tefyifyc" {rPois rN++ Str+3 Dex-5
                  | Stlth+} (You found it in a treasure trove)
 76113 | Lair:2   | Identified the ring "Zeuhaff" {rC+ Will+} (You found it in
                  | a treasure trove)
 76115 | Lair:2   | Identified the ring "Limiq" {rElec AC+4 Str-4 Stlth+} (You
                  | found it in a treasure trove)
 76117 | Lair:2   | Identified the ring "Kaostil" {*Drain rF+ Str+3 Int+3
                  | Dex+3} (You found it in a treasure trove)
 76118 | Lair:2   | Lost mutation: Your magical capacity is low. (-10% MP)
                  | [potion of mutation]
 76118 | Lair:2   | Lost mutation: Your spells are a little easier to cast, but
                  | a little less powerful. [potion of mutation]
 76118 | Lair:2   | Gained mutation: You have a pair of small horns on your
                  | head. [potion of mutation]
 76118 | Lair:2   | Gained mutation: You are weak. (Str -2) [potion of
                  | mutation]
 76118 | Lair:2   | Gained mutation: Potions are less effective at restoring
                  | your health. [potion of mutation]
 76118 | Lair:2   | Gained mutation: You have large cloven feet. [potion of
                  | mutation]
 76119 | Lair:2   | Lost mutation: You are weak. (Str -2) [potion of mutation]
 76119 | Lair:2   | Lost mutation: You have a pair of small horns on your head.
                  | [potion of mutation]
 76119 | Lair:2   | Gained mutation: You tend to lose your temper in combat.
                  | [potion of mutation]
 76119 | Lair:2   | Gained mutation: You are surrounded by a mild repulsion
                  | field. (EV +2) [potion of mutation]
 76125 | Lair:2   | Lost mutation: You tend to lose your temper in combat.
                  | [potion of mutation]
 76125 | Lair:2   | Lost mutation: Potions are less effective at restoring your
                  | health. [potion of mutation]
 76125 | Lair:2   | Lost mutation: You have large cloven feet. [potion of
                  | mutation]
 76125 | Lair:2   | Gained mutation: You are weak. (Str -2) [potion of
                  | mutation]
 76125 | Lair:2   | Lost mutation: You are weak. (Str -2) [potion of mutation]
 76125 | Lair:2   | Gained mutation: Your muscles are strong. (Str +2) [potion
                  | of mutation]
 76471 | Vaults:5 | You pick up a book of Spatial Translocations and begin
                  | reading...
 76471 | Vaults:5 | You add the spells Lesser Beckoning, Teleport Other and
                  | Passage of Golubria to your library.
 76484 | Vaults:5 | Got a silver rune of Zot
 76614 | Vaults:5 | Got an ancient pewter amulet
 76738 | Vaults:5 | Identified the amulet of Devotion {Faith rF+ Stlth+} (You
                  | found it on level 5 of the Vaults)
 76864 | Vaults:5 | Got a faintly glowing short sword
 76872 | Vaults:5 | Identified Orchemu's Tome of the Fiery Compass
 76929 | Vaults:5 | You pick up a book of Hexes and begin reading...
 76965 | Vaults:5 | Found Todilutu's General Store.
 76970 | Vaults:5 | Identified the +5 short sword of Conversion {drain, rF- rC+
                  | MP+9 Stlth+} (You found it on level 5 of the Vaults)
 76977 | Vaults:5 | Got an ichor-stained dagger
 76978 | Vaults:5 | Identified the cursed +1 dagger of Generosity {antimagic,
                  | rElec rN++ MP-9} (You found it on level 5 of the Vaults)
 77196 | Vaults:5 | You pick up a book of Geomancy and begin reading...
 77196 | Vaults:5 | You add the spells Sandblast, Passwall and Lee's Rapid
                  | Deconstruction to your library.
 78134 | Depths:4 | Reached skill level 17 in Dodging
 78743 | Depths:3 | Reached skill level 17 in Stealth
 79392 | Depths:4 | Identified the ring of Conformity {*Slow +Blink rCorr
                  | Dex+7}
 79465 | Depths:4 | Noticed an ancient lich
 79474 | Depths:4 | Killed an ancient lich
 79475 | Depths:4 | Reached skill level 18 in Transmutations
 79561 | Depths:4 | Reached skill level 18 in Invocations
 80331 | Depths:4 | You pick up a book of Party Tricks and begin reading...
 80331 | Depths:4 | You add the spells Apportation, Alistair's Intoxication and
                  | Invisibility to your library.
 80763 | Depths:4 | You pick up a book of Alchemy and begin reading...
 80947 | Depths:4 | Got a masterwork whip
 80951 | Depths:4 | Identified the +8 whip of the Ninety-Nine Quests {vorpal,
                  | rPois rN+++ Int-2 Dex+5} (You found it on level 4 of the
                  | Depths)
 81045 | Depths:5 | Entered Level 5 of the Depths
 81053 | Depths:5 | Noticed the Enchantress
 81058 | Depths:5 | Killed the Enchantress
 81634 | Depths:5 | Reached XP level 27. HP: 82/213 MP: 1/44
 82358 | Depths:5 | Reached skill level 17 in Fighting
 82358 | Depths:5 | Reached skill level 17 in Short Blades
 82358 | Depths:5 | Reached skill level 17 in Long Blades
 82358 | Depths:5 | Reached skill level 17 in Axes
 82358 | Depths:5 | Reached skill level 17 in Maces & Flails
 82358 | Depths:5 | Reached skill level 17 in Polearms
 82358 | Depths:5 | Reached skill level 17 in Staves
 82358 | Depths:5 | Reached skill level 17 in Slings
 82358 | Depths:5 | Reached skill level 17 in Bows
 82358 | Depths:5 | Reached skill level 17 in Crossbows
 82358 | Depths:5 | Reached skill level 17 in Throwing
 82358 | Depths:5 | Reached skill level 17 in Armour
 82358 | Depths:5 | Reached skill level 17 in Shields
 82358 | Depths:5 | Reached skill level 17 in Unarmed Combat
 82358 | Depths:5 | Reached skill level 17 in Evocations
 82429 | Depths:5 | Found Icokog's Serpentskin Sales.
 82506 | Depths:5 | HP: 51/214 [poisoned by a death drake (foul vapour)]
 82511 | Depths:5 | HP: 39/214 [poisoned by a death drake (foul vapour)]
 82516 | Depths:5 | HP: 31/214 [poisoned by a death drake (foul vapour)]
 82521 | Depths:5 | HP: 28/214 [poisoned by a death drake (foul vapour)]
 82526 | Depths:5 | HP: 25/214 [poisoned by a death drake (foul vapour)]
 82532 | Depths:5 | HP: 23/214 [poisoned by a death drake (foul vapour)]
 82537 | Depths:5 | HP: 22/214 [poisoned by a death drake (foul vapour)]
 82543 | Depths:5 | HP: 22/214 [poisoned by a death drake (foul vapour)]
 82548 | Depths:5 | HP: 22/214 [poisoned by a death drake (foul vapour)]
 82556 | Depths:5 | HP: 23/214 [poisoned by a death drake (foul vapour)]
 82561 | Depths:5 | HP: 25/214 [poisoned by a death drake (foul vapour)]
 82566 | Depths:5 | HP: 26/214 [poisoned by a death drake (foul vapour)]
 82572 | Depths:5 | HP: 28/214 [poisoned by a death drake (foul vapour)]
 82578 | Depths:5 | HP: 29/214 [poisoned by a death drake (foul vapour)]
 83059 | Depths:5 | Reached skill level 16 in Ice Magic
 84719 | Depths:5 | Found a gate to the Realm of Zot.
 84814 | Depths:5 | Found the +6 shillelagh "Devastator" {shatter}
 84936 | Depths:5 | Found Quenk's Jewellery Emporium.
 84937 | Depths:5 | Found Meg Runequ's Gadget Shop.
 84937 | Depths:5 | Found Feve's Gadget Shop.
 85859 | Elf:1    | Entered Level 1 of the Elven Halls
 86027 | Elf:1    | You pick up a book of Geomancy and begin reading...
 86057 | Elf:1    | Noticed Nikola
 86065 | Elf:1    | Killed Nikola
 86197 | Elf:1    | Found Kadaore's General Store.
 86374 | Elf:1    | Noticed Roxanne
 86383 | Elf:1    | Killed Roxanne
 86507 | Elf:1    | You pick up a book of the Earth and begin reading...
 86969 | Elf:1    | You pick up a book of Minor Magic and begin reading...
 87453 | Elf:2    | Reached skill level 15 in Conjurations
 87453 | Elf:2    | Reached skill level 15 in Hexes
 87453 | Elf:2    | Reached skill level 15 in Summonings
 87453 | Elf:2    | Reached skill level 15 in Necromancy
 87453 | Elf:2    | Reached skill level 15 in Translocations
 87453 | Elf:2    | Reached skill level 15 in Fire Magic
 87453 | Elf:2    | Reached skill level 15 in Air Magic
 87453 | Elf:2    | Reached skill level 15 in Earth Magic
 87453 | Elf:2    | Reached skill level 15 in Poison Magic
 88131 | Elf:2    | Found a huge runed translucent gate.
 88131 | Elf:2    | Found a huge runed translucent gate.
 88131 | Elf:2    | Found a huge runed translucent gate.
 88132 | Elf:2    | Found a huge runed translucent gate.
 88159 | Elf:2    | Found a huge runed translucent gate.
 88258 | Elf:2    | Reached skill level 18 in Spellcasting
 88274 | Elf:2    | Reached skill level 19 in Transmutations
 88912 | Elf:3    | Entered Level 3 of the Elven Halls
 88966 | Elf:3    | Found a magical portal.
 88975 | WizLab   | Entered Cigotuvi's Fleshworks
 89199 | WizLab   | Reached skill level 18 in Dodging
 89411 | WizLab   | Paralysed by a floating eye for 4 turns
 89857 | WizLab   | Found the -2 hat of the Alchemist {rElec rPois rF+ rC+ rN+
                  | Will+ rMut rCorr}
 90096 | WizLab   | Reached skill level 18 in Stealth
 90250 | WizLab   | Reached skill level 19 in Invocations
 90335 | WizLab   | Identified Cigotuvi's Catalogue of Lethal Moulding
 90337 | WizLab   | Identified the Grimoire of Transmutation
 90341 | WizLab   | You pick up a book of Transfigurations and begin reading...
 91242 | Elf:3    | Found Jiog's Armour Shoppe.
 92178 | Elf:3    | Identified the cursed +0 ring mail of the Archfiend {Dex+2}
 92345 | Elf:3    | Identified the +1 trident "Xockuset" {freeze, Str+4}
 92345 | Elf:3    | a deep elf demonologist comes into view. It is wielding the
                  | +1 trident "Xockuset" {freeze, Str+4} and wearing the +5
                  | robe of Night {Dark Will+ SInv}.
 92584 | Elf:3    | You pick up a book of the Dragon and begin reading...
 92590 | Elf:3    | You pick up a book of Transfigurations and begin reading...
 92612 | Elf:3    | Found the +6 arbalest "Damnation" {damnation}
 92617 | Elf:3    | Identified Xaathruj's Almanac of Creation and Intoxication
 92618 | Elf:3    | You add the spells Summon Small Mammal, Summon Guardian
                  | Golem and Summon Lightning Spire to your library.
 92624 | Elf:3    | You pick up a book of Dreams and begin reading...
 92625 | Elf:3    | Identified the Volume of the Oath and Moulding
 92629 | Elf:3    | Identified the Guide on the Unholy Frostbite
 92637 | Elf:3    | You pick up a book of Debilitation and begin reading...
 92949 | Lair:2   | magus.rc [v1.9.10]
 93554 | D:12     | Bought a book of Annihilations for 1545 gold pieces
 93554 | D:12     | You pick up a book of Annihilations and begin reading...
 93554 | D:12     | You add the spells Chain Lightning, Lehudib's Crystal
                  | Spear, Absolute Zero and Fire Storm to your library.
 93563 | D:12     | Learned a level 8 spell: Lehudib's Crystal Spear
 93571 | D:12     | Learned a level 7 spell: Spellforged Servitor
 93650 | D:14     | Bought a scroll of magic mapping for 56 gold pieces
 93650 | D:14     | Bought a scroll of amnesia for 56 gold pieces
 94179 | Slime:5  | Killed the Royal Jelly
 94368 | Slime:5  | Got a polished leather armour
 94383 | Slime:5  | Identified the Compendium of Contamination
 94398 | Slime:5  | Got a shimmering ruby amulet
 94400 | Slime:5  | You pick up a book of Conjurations and begin reading...
 94416 | Slime:5  | You pick up a book of Dreams and begin reading...
 94434 | Slime:5  | Identified the Collected Works on Excruciating
                  | Weightlessness
 94439 | Slime:5  | You pick up a book of Death and begin reading...
 94454 | Slime:5  | Got a slimy rune of Zot
 94463 | Slime:5  | Identified the +1 leather armour of Beogh's Indignation
                  | {Str+4} (You found it on level 5 of the Pits of Slime)
 94464 | Slime:5  | Identified the amulet of Xyneoss {Inacc rElec Int+5 Dex-4}
                  | (You found it on level 5 of the Pits of Slime)
 94622 | Lair:2   | Acquired 715 gold pieces
 94944 | Zot:1    | Entered Level 1 of the Realm of Zot
 94951 | Zot:1    | +0 storm dragon scales {rare}; a storm dragon corpse
 94967 | Zot:1    | Reached skill level 18 in Staves
 94967 | Zot:1    | Identified +0 gold dragon scales
 94995 | Zot:1    | Reached skill level 18 in Fighting
 94995 | Zot:1    | Reached skill level 18 in Short Blades
 94995 | Zot:1    | Reached skill level 18 in Long Blades
 94995 | Zot:1    | Reached skill level 18 in Axes
 94995 | Zot:1    | Reached skill level 18 in Maces & Flails
 94995 | Zot:1    | Reached skill level 18 in Polearms
 94995 | Zot:1    | Reached skill level 18 in Slings
 94995 | Zot:1    | Reached skill level 18 in Bows
 94995 | Zot:1    | Reached skill level 18 in Crossbows
 94995 | Zot:1    | Reached skill level 18 in Throwing
 94995 | Zot:1    | Reached skill level 18 in Armour
 94995 | Zot:1    | Reached skill level 18 in Shields
 94995 | Zot:1    | Reached skill level 18 in Unarmed Combat
 94995 | Zot:1    | Reached skill level 18 in Evocations
 94997 | Zot:1    | HP: 45/217 [yellow draconian scorcher/damnation (14)]
 94997 | Zot:1    | HP: 14/217 [purple draconian scorcher/damnation (31)]
 95351 | Zot:1    | +0 storm dragon scales {rare}; a storm dragon corpse
 96022 | Zot:1    | Noticed a curse toe
 96027 | Zot:1    | Killed a curse toe
 96034 | Zot:1    | +0 shadow dragon scales {rare}; a shadow dragon corpse
 96209 | Zot:1    | +0 shadow dragon scales {rare}; a shadow dragon corpse
 96698 | Zot:2    | HP: 36/218 [green draconian scorcher/damnation (42)]
 96705 | Zot:2    | HP: 26/218 [spellforged servitor collision (21)]
 96981 | Zot:2    | +0 storm dragon scales {rare}; a storm dragon corpse
 97423 | Zot:2    | Reached skill level 17 in Ice Magic
 97551 | Zot:2    | +0 shadow dragon scales {rare}; a glowing mace; a shadow
                  | dragon corpse
 97553 | Zot:2    | +0 shadow dragon scales {rare}; a shadow dragon corpse
 97750 | Zot:2    | Identified +0 gold dragon scales
 97753 | Zot:2    | +0 gold dragon scales {rare}; a golden dragon corpse
 97785 | Zot:2    | Reached skill level 19 in Staves
 97985 | Zot:2    | Reached skill level 20 in Transmutations
 98122 | Zot:2    | +0 storm dragon scales {rare}; a storm dragon corpse
 98125 | Zot:2    | +0 storm dragon scales {rare}; a storm dragon corpse
 98338 | Zot:2    | Reached skill level 19 in Spellcasting
 98479 | Zot:2    | Noticed an electric golem
 98484 | Zot:2    | Killed an electric golem
 98485 | Zot:2    | Reached skill level 16 in Conjurations
 98485 | Zot:2    | Reached skill level 16 in Hexes
 98485 | Zot:2    | Reached skill level 16 in Summonings
 98485 | Zot:2    | Reached skill level 16 in Necromancy
 98485 | Zot:2    | Reached skill level 16 in Translocations
 98485 | Zot:2    | Reached skill level 16 in Fire Magic
 98485 | Zot:2    | Reached skill level 16 in Air Magic
 98485 | Zot:2    | Reached skill level 16 in Earth Magic
 98485 | Zot:2    | Reached skill level 16 in Poison Magic
 98694 | Depths:5 | Voluntarily entered the Abyss.
 99280 | Abyss:2  | Reached skill level 19 in Dodging
 99502 | Abyss:2  | Reached skill level 20 in Invocations
 99780 | Abyss:3  | Found a corrupted altar of Lugonu.
 99797 | Abyss:3  | Got a transparent glaive
 99798 | Abyss:3  | Identified the +6 glaive of Harmony {flame, Str+4} (You
                  | found it on level 3 of the Abyss)
 99997 | Abyss:3  | Reached skill level 19 in Stealth
100141 | Abyss:3  | Got an abyssal rune of Zot
100239 | Depths:5 | You pass through the gate.
100239 | Depths:5 | Escaped the Abyss
100411 | Zot:1    | Identified +0 gold dragon scales
100597 | Zot:3    | Identified +0 gold dragon scales
100643 | Zot:3    | +0 gold dragon scales {rare}; a golden dragon corpse
100819 | Zot:3    | +0 storm dragon scales {rare}; a storm dragon corpse
100839 | Zot:3    | +0 storm dragon scales {rare}; a storm dragon corpse
102248 | Zot:4    | Identified +0 gold dragon scales
102251 | Zot:4    | +0 gold dragon scales {rare}; a golden dragon corpse
102266 | Zot:4    | +0 gold dragon scales {rare}; a golden dragon corpse
102270 | Zot:4    | +0 gold dragon scales {rare}; a golden dragon corpse
102495 | Zot:4    | Reached skill level 20 in Staves
102539 | Zot:4    | Reached skill level 19 in Fighting
102539 | Zot:4    | Reached skill level 19 in Short Blades
102539 | Zot:4    | Reached skill level 19 in Long Blades
102539 | Zot:4    | Reached skill level 19 in Axes
102539 | Zot:4    | Reached skill level 19 in Maces & Flails
102539 | Zot:4    | Reached skill level 19 in Polearms
102539 | Zot:4    | Reached skill level 19 in Slings
102539 | Zot:4    | Reached skill level 19 in Bows
102539 | Zot:4    | Reached skill level 19 in Crossbows
102539 | Zot:4    | Reached skill level 19 in Throwing
102539 | Zot:4    | Reached skill level 19 in Armour
102539 | Zot:4    | Reached skill level 19 in Shields
102539 | Zot:4    | Reached skill level 19 in Unarmed Combat
102539 | Zot:4    | Reached skill level 19 in Evocations
103039 | Zot:4    | +0 storm dragon scales {rare}; a storm dragon corpse
103211 | Zot:4    | +0 storm dragon scales {rare}; a storm dragon corpse
103227 | Zot:4    | +0 storm dragon scales {rare}; a storm dragon corpse
103236 | Zot:4    | You pick up a book of Unlife and begin reading...
103243 | Zot:4    | Identified +0 gold dragon scales
103245 | Zot:4    | +0 gold dragon scales {rare}; a golden dragon corpse
103308 | Zot:4    | Noticed a curse toe
103313 | Zot:4    | Killed a curse toe
103316 | Zot:4    | Got a warped robe
103317 | Zot:4    | Identified the +2 robe of Zin {rN+ SInv} (You found it on
                  | level 4 of the Realm of Zot)
103477 | Zot:4    | Got a buzzing rapier
103478 | Zot:4    | Identified the +7 rapier of Vanity {speed, rElec Will+
                  | Str+2} (You found it on level 4 of the Realm of Zot)
103695 | Zot:4    | Noticed a curse toe
103710 | Zot:4    | Killed a curse toe
103840 | Zot:4    | Noticed an orb of fire
103848 | Zot:4    | Killed an orb of fire
104022 | Zot:5    | Entered Level 5 of the Realm of Zot
104075 | Zot:5    | Found a runed translucent gate.
104076 | Zot:5    | Found a runed translucent gate.
104077 | Zot:5    | Found a runed translucent gate.
104086 | Zot:5    | Noticed porpoise's ghost (legendary HaHu)
104231 | Zot:5    | You pick up a book of Geomancy and begin reading...
104635 | Zot:5    | Noticed an electric golem
105392 | Zot:5    | Killed porpoise's ghost
105405 | Zot:4    | a +0 eveningstar {rare}; a +0 cloak
105665 | Zot:5    | Killed an electric golem
105756 | Zot:5    | Got a distressingly furry helmet
105759 | Zot:5    | Identified the +2 helmet of Keafogh {Harm *Drain rC+} (You
                  | found it on level 5 of the Realm of Zot)
105963 | Zot:5    | Acquired 460 gold pieces
105965 | Zot:5    | Acquired the ring "Amigo" {MP+9 Int+3}
106848 | Hell     | Entered the Vestibule of Hell
106848 | Hell     | Noticed Geryon
106857 | Hell     | Killed Geryon
107272 | Hell     | Noticed a curse skull
107276 | Hell     | Killed a curse skull
107602 | Hell     | Reached skill level 21 in Invocations
107845 | Hell     | Found a gateway to the decaying netherworld of Tartarus.
108084 | Hell     | Found a gateway to the freezing wastes of Cocytus.
108631 | Hell     | Found a gateway to the Iron City of Dis.
108923 | Hell     | Found a gateway to the ashen valley of Gehenna.
109364 | Lair:2   | Learned a level 9 spell: Absolute Zero
109631 | Pan      | Entered Pandemonium
109634 | Pan      | Reached skill level 21 in Staves
109746 | Pan      | Reached skill level 20 in Spellcasting
109815 | Pan      | Reached skill level 18 in Ice Magic
109854 | Pan      | Noticed Soki the pandemonium lord
109866 | Pan      | Killed Soki the pandemonium lord
109897 | Pan      | Reached skill level 20 in Dodging
110080 | Pan      | Reached skill level 17 in Conjurations
110080 | Pan      | Reached skill level 17 in Hexes
110080 | Pan      | Reached skill level 17 in Summonings
110080 | Pan      | Reached skill level 17 in Necromancy
110080 | Pan      | Reached skill level 17 in Translocations
110080 | Pan      | Reached skill level 17 in Fire Magic
110080 | Pan      | Reached skill level 17 in Air Magic
110080 | Pan      | Reached skill level 17 in Earth Magic
110080 | Pan      | Reached skill level 17 in Poison Magic
110341 | Pan      | Reached skill level 20 in Fighting
110399 | Pan      | Reached skill level 20 in Stealth
110417 | Pan      | Noticed Unnof the pandemonium lord
110424 | Pan      | Killed Unnof the pandemonium lord
110427 | Pan      | Got a demonic rune of Zot
111352 | Pan      | Got a warped leather armour
111353 | Pan      | Identified the cursed +1 leather armour of the Weaver
                  | {rElec Int-5 Slay+3} (You found it in Pandemonium)
112062 | Pan      | Noticed Qisaezat the pandemonium lord
112099 | Pan      | Killed Qisaezat the pandemonium lord
112130 | Pan      | Reached skill level 22 in Invocations
112394 | Pan      | Noticed Irocuhef the pandemonium lord
112398 | Pan      | Reached skill level 20 in Short Blades
112398 | Pan      | Reached skill level 20 in Long Blades
112398 | Pan      | Reached skill level 20 in Axes
112398 | Pan      | Reached skill level 20 in Maces & Flails
112398 | Pan      | Reached skill level 20 in Polearms
112398 | Pan      | Reached skill level 20 in Slings
112398 | Pan      | Reached skill level 20 in Bows
112398 | Pan      | Reached skill level 20 in Crossbows
112398 | Pan      | Reached skill level 20 in Throwing
112398 | Pan      | Reached skill level 20 in Armour
112398 | Pan      | Reached skill level 20 in Shields
112398 | Pan      | Reached skill level 20 in Unarmed Combat
112398 | Pan      | Reached skill level 20 in Evocations
112409 | Pan      | Killed Irocuhef the pandemonium lord
112936 | Pan      | Reached skill level 21 in Transmutations
113264 | Pan      | Reached skill level 22 in Staves
113342 | Pan      | Entered the realm of Cerebov.
113381 | Pan      | You pick up a book of Ice and begin reading...
113669 | Pan      | Identified the Grimoire of Earthen Transmigration
113675 | Pan      | You pick up a book of Changes and begin reading...
113764 | Pan      | Identified Panea's Incunabulum of Necromancy
113766 | Pan      | Identified Xeirgho's Handbook of Virous Cold
113862 | Pan      | Got a dazzling great sword
113864 | Pan      | Got a transparent amethyst amulet
113880 | Pan      | t - shiny pearl dragon scales {rare}
113919 | Pan      | Found the +6 sword of Cerebov {flame}
113919 | Pan      | Noticed Cerebov
113919 | Pan      | A balrug is wielding a +1 demon whip of electrocution. A
                  | balrug is wielding a +2 demon whip of venom. Cerebov is
                  | wielding the +6 sword of Cerebov {flame}.
113926 | Pan      | Aim: Cerebov, wielding the +6 sword of Cerebov {flame}
                  | (flame, moderately wounded, fast, 11% to evade)
113927 | Pan      | Aim: Cerebov, wielding the +6 sword of Cerebov {flame}
                  | (flame, moderately wounded, fast, 11% to evade)
113927 | Pan      | Aim: Cerebov, wielding the +6 sword of Cerebov {flame}
                  | (flame, moderately wounded, fast, 11% to evade)
113927 | Pan      | HP: 22/227 [Cerebov/great blast of fire (40)]
113928 | Pan      | Here: Cerebov, wielding the +6 sword of Cerebov {flame}
                  | (flame, heavily wounded, fast)
113928 | Pan      | Here: Cerebov, wielding the +6 sword of Cerebov {flame}
                  | (flame, heavily wounded, fast)
113928 | Pan      | Aim: Cerebov, wielding the +6 sword of Cerebov {flame}
                  | (flame, heavily wounded, fast)
113928 | Pan      | Aim: Cerebov, wielding the +6 sword of Cerebov {flame}
                  | (flame, heavily wounded, fast)
113929 | Pan      | Here: Cerebov, wielding the +6 sword of Cerebov {flame}
                  | (wandering, hasn't noticed you)
114154 | Pan      | Reached skill level 21 in Fighting
114981 | Pan      | Identified the +6 flail of Bile {freeze, rN+}
114981 | Pan      | Identified the amulet of Acko {Regen+ Str+4 Int+4}
115957 | Pan      | Identified the +9 scythe of Termination {drain, Will+
                  | Int+4}
115963 | Pan      | Identified the +3 fustibalus "Thing" {freeze, Fragile rN++
                  | MP+9 Int+2}
115963 | Pan      | Identified the ring "Giyr" {Will- Str+6 Slay+4}
116040 | Pan      | Identified the ring "Gapumiovu" {rF++ rC+ MP+9 Int+2 SInv}
116041 | Pan      | Killed Cerebov
116071 | Pan      | Got a fiery rune of Zot
116133 | Pan      | Identified +1 pearl dragon scales {rare} (You found it in
                  | Pandemonium)
116133 | Pan      | You finish putting on your +1 pearl dragon scales {rare}.
116138 | Pan      | You finish taking off your +1 pearl dragon scales {rare}.
116277 | Pan      | Identified the Almanac of Ignition and Envenoming
116480 | Pan      | Noticed Perawenk the pandemonium lord
116483 | Pan      | Reached skill level 23 in Invocations
116488 | Pan      | Killed Perawenk the pandemonium lord
116757 | Pan      | Noticed Bimiekku the pandemonium lord
116758 | Pan      | Killed Bimiekku the pandemonium lord
116897 | Pan      | Entered the realm of Gloorx Vloq.
116933 | Pan      | Reached skill level 21 in Spellcasting
117406 | Pan      | Reached skill level 21 in Dodging
117982 | Pan      | Reached skill level 23 in Staves
118084 | Pan      | Reached skill level 21 in Stealth
118091 | Pan      | Reached skill level 18 in Conjurations
118091 | Pan      | Reached skill level 18 in Hexes
118091 | Pan      | Reached skill level 18 in Summonings
118091 | Pan      | Reached skill level 18 in Necromancy
118091 | Pan      | Reached skill level 18 in Translocations
118091 | Pan      | Reached skill level 18 in Fire Magic
118091 | Pan      | Reached skill level 18 in Air Magic
118091 | Pan      | Reached skill level 18 in Earth Magic
118091 | Pan      | Reached skill level 18 in Poison Magic
118092 | Pan      | Noticed Gloorx Vloq
118108 | Pan      | Reached skill level 22 in Fighting
118305 | Pan      | Killed Gloorx Vloq
118306 | Pan      | Reached skill level 19 in Ice Magic
118307 | Pan      | Noticed a curse skull
118307 | Pan      | Noticed a curse skull
118314 | Pan      | Killed a curse skull
118318 | Pan      | Killed a curse skull
118324 | Pan      | HP: 56/231 [Executioner (4)]
118780 | Pan      | Got a dark rune of Zot
119759 | Pan      | Entered the realm of Lom Lobon.
120120 | Pan      | Reached skill level 24 in Invocations
120175 | Pan      | Reached skill level 21 in Short Blades
120175 | Pan      | Reached skill level 21 in Long Blades
120175 | Pan      | Reached skill level 21 in Axes
120175 | Pan      | Reached skill level 21 in Maces & Flails
120175 | Pan      | Reached skill level 21 in Polearms
120175 | Pan      | Reached skill level 21 in Slings
120175 | Pan      | Reached skill level 21 in Bows
120175 | Pan      | Reached skill level 21 in Crossbows
120175 | Pan      | Reached skill level 21 in Throwing
120175 | Pan      | Reached skill level 21 in Armour
120175 | Pan      | Reached skill level 21 in Shields
120175 | Pan      | Reached skill level 21 in Unarmed Combat
120175 | Pan      | Reached skill level 21 in Evocations
120598 | Pan      | Noticed Lom Lobon
120598 | Pan      | Killed Lom Lobon
120625 | Pan      | Got a magical rune of Zot
122240 | Pan      | Found an exit through the horrors of the Abyss.
122500 | Pan      | Identified the amulet "Ewny" {Faith +Fly rC++ Will- SInv}
                  | (You found it in Pandemonium)
122513 | Pan      | Identified the cursed +1 shortbow "Killer Klown's Doom"
                  | {freeze, +Blink Dex+3 SInv} (You found it in Pandemonium)
122518 | Pan      | Noticed Amigij the pandemonium lord
122520 | Pan      | Killed Amigij the pandemonium lord
122727 | Pan      | Identified a +1 robe of the Archmagi
122999 | Pan      | your +1 pearl dragon scales {rare} glow green for a moment.
123066 | Pan      | HP: 49/233 [Executioner (20)]
123445 | Pan      | Identified the +3 scale mail "Dufisywn" {rPois rCorr Str-2}
123634 | Pan      | Reached skill level 24 in Staves
123755 | Pan      | Reached skill level 23 in Fighting
123961 | Pan      | Noticed Laexeuvu the pandemonium lord
123967 | Pan      | Killed Laexeuvu the pandemonium lord
124423 | Pan      | Noticed Wixzurod the pandemonium lord
124431 | Pan      | Killed Wixzurod the pandemonium lord
124431 | Pan      | HP: 53/235 [Tzitzimitl/bolt of cold (11)]
124437 | Pan      | HP: 40/235 [smoke demon/divine providence (13)]
124441 | Pan      | HP: 12/235 [smoke demon/divine providence (14)]
124444 | Pan      | Killed from afar by a smoke demon

Vanquished Creatures
  Cerebov (Pan)
  the Royal Jelly (Slime:5)
  Dissolution (Slime:5)
  Gloorx Vloq (Pan)
  Lom Lobon (Pan)
  2 ancient liches
  An orb of fire (Zot:4)
  The ghost of porpoise the Warrior, a legendary HaHu of Okawaru (Zot:5)
  A juggernaut (Depths:3)
  Vashnia (Snake:4)
  Bai Suzhen (Vaults:3)
  Saint Roka (Vaults:1)
  2 Killer Klowns (Zot:5)
  2 caustic shrikes
  Geryon (Hell)
  3 curse toes
  Jory (Vaults:3)
  15 golden dragons
  Nikola (Elf:1)
  the Enchantress (Depths:5)
  7 Brimstone Fiends (Pan)
  A mutant beast (WizLab)
  2 electric golems
  5 Tzitzimimeh (Pan)
  A hellephant (Hell)
  Jorgrun (Orc:2)
  4 liches
  9 pandemonium lords (Pan)
  18 tentacled monstrosities
  7 Orb Guardians (Zot:5)
  4 Hell Sentinels (Pan)
  An Ice Fiend (Pan)
  5 quicksilver dragons
  The ghost of Tinaukou the Tortoise, an adept MiGl of Xom (Snake:3)
  2 deep elf master archers (Elf:3)
  3 deep elf blademasters
  40 acid blobs
  34 Executioners (Pan)
  10 titans
  Frances (D:12)
  11 death cobs
  Donald (Swamp:4)
  3 sphinxes
  3 tentacled starspawn (Abyss:2)
  10 shadow dragons
  9 tengu reavers
  7 nagarajas
  Roxanne (Elf:1)
  21 storm dragons
  12 draconian monks
  24 azure jellies
  3 blood saints (Pan)
  3 daevas (Depths:1)
  4 draconian knights
  6 frost giants
  A fenstrider witch (Swamp:3)
  12 fire giants
  2 orc warlords
  8 cacodemons (Pan)
  Aizul (Snake:2)
  24 balrugs (Pan)
  14 vault wardens
  5 ghost moths
  6 deep elf elementalists (Elf:3)
  7 deep elf sorcerers
  3 curse skulls
  2 iron dragons
  8 warmongers (Pan)
  A ghost moth (shapeshifter) (Vaults:3)
  7 draconian shifters
  10 draconian scorchers
  13 small abominations
  2 draconian stormcallers (Zot:1)
  15 draconian annihilators
  5 spriggan defenders
  An ophan (Abyss:2)
  13 ironheart preservers
  A ghoul (Vaults:4)
  7 war gargoyles
  20 very ugly things
  23 reapers
  18 stone giants
  7 corrupters (Pan)
  12 green draconians
  2 vampire knights
  16 black draconians
  8 deep elf demonologists
  43 large abominations
  7 black suns (Pan)
  10 lorocyprocas
  An entropy weaver (Vaults:2)
  11 yellow draconians
  9 spark wasps
  7 white draconians
  11 deep elf annihilators
  3 bunyips
  10 purple draconians
  2 eleionomae
  15 red draconians
  A minotaur (shapeshifter) (WizLab)
  5 blizzard demons (Pan)
  10 deep elf death magi
  A shambling mangrove (Swamp:4)
  13 ettins
  A merfolk javelineer (Depths:2)
  12 death oozes
  3 eidola
  3 jiangshi
  17 green deaths
  21 naga warriors
  9 fire dragons
  4 deep elf high priests
  11 spriggan air magi
  3 rakshasas
  17 great orbs of eyes
  21 hydras
  26 vault guards
  18 yaktaur captains
  15 ice dragons
  A quicksilver dragon skeleton (Pan)
  2 boulder beetles (shapeshifter)
  2 catoblepae (Abyss:3)
  3 hell beasts
  8 monstrous demonspawn (Pan)
  11 centaur warriors
  A ghost crab (Swamp:4)
  4 merfolk avatars (Swamp:3)
  An anaconda (shapeshifter) (WizLab)
  2 anacondas
  11 boulder beetles
  7 tengu warriors
  3 alligators
  58 two-headed ogres
  26 dancing weapons
  2 death knights (Vaults:5)
  22 ogre magi
  6 hell hogs (Hell)
  A vampire mage (Depths:3)
  5 death yaks
  2 titan zombies (Hell)
  18 naga sharpshooters
  6 deep troll shamans
  12 shock serpents
  9 spriggan berserkers
  A shock serpent (shapeshifter) (Vaults:4)
  2 thrashing horrors (Abyss:2)
  3 orc high priests (Orc:2)
  10 deep troll earth magi
  64 sun demons
  24 deep elf knights
  4 titan skeletons
  An iron golem (WizLab)
  2 skeletal warriors
  A wretched star (Abyss:2)
  44 soul eaters
  2 iron trolls (shapeshifter)
  2 iron trolls
  3 salamander mystics (Snake:4)
  A spectral minotaur (Depths:4)
  7 shadow wraiths
  23 sixfirhies
  2 sea snakes (Snake:3)
  7 death drakes
  A storm dragon zombie (Hell)
  3 spectral anacondas (Depths:4)
  3 goliath frogs
  4 unseen horrors
  A cherub (Pan)
  A glowing orange brain (shapeshifter) (WizLab)
  9 gelid demonspawn (Pan)
  10 infernal demonspawn (Pan)
  2 spriggan druids (Swamp:3)
  A sea snake (shapeshifter) (WizLab)
  19 deep elf archers
  6 flayed ghosts
  13 naga ritualists
  6 swamp dragons
  A swamp dragon (shapeshifter) (Vaults:3)
  A bog body (Swamp:4)
  26 deep trolls
  A storm dragon skeleton (Pan)
  12 shadow demons (Pan)
  7 torturous demonspawn (Pan)
  2 necromancers (Hell)
  9 glowing orange brains
  A spectral hydra (Depths:4)
  7 starcursed masses (Abyss:3)
  An anaconda skeleton (Pan)
  2 lindwurms (Depths:5)
  2 orange crystal statues (Depths:4)
  13 harpies
  5 phantasmal warriors
  10 ironbrand convokers
  Pikel (D:6)
  8 wizards
  2 golden dragon skeletons (Pan)
  14 orc knights
  14 mana vipers
  2 frost giant zombies (Hell)
  2 harpies (shapeshifter)
  3 mana vipers (shapeshifter)
  2 manticores
  A wolf spider (shapeshifter) (WizLab)
  5 cyclopes
  A salamander (shapeshifter) (D:13)
  2 shadow dragon skeletons (Pan)
  7 orc sorcerers
  A cyclops (shapeshifter) (Depths:2)
  5 fire giant zombies (Hell)
  72 deep elf magi
  6 wolf spiders
  A manticore (shapeshifter) (Depths:5)
  45 ugly things
  3 will-o-the-wisps
  6 shining eyes
  13 elephants
  A stone giant zombie (Hell)
  A worldbinder (Abyss:2)
  A moth of wrath (shapeshifter) (Depths:4)
  2 salamanders
  33 moths of wrath
  A fire giant skeleton (Hell)
  Maurice (D:8)
  3 elephants (shapeshifter)
  An iron dragon skeleton (Pan)
  9 naga magi
  3 black mambas (shapeshifter)
  A molten gargoyle (Hell)
  6 ice statues
  61 smoke demons
  A torpor snail (Lair:6)
  An apocalypse crab (Abyss:2)
  3 stone giant skeletons (Pan)
  Psyche (D:8)
  18 vault sentinels
  5 eyes of devastation
  10 guardian serpents
  3 frost giant skeletons (Pan)
  46 black mambas
  31 orange demons (Pan)
  4 rust devils (Hell)
  19 cane toads
  2 gargoyles
  A cane toad (shapeshifter) (WizLab)
  A dire elephant skeleton (Pan)
  A shock serpent skeleton (Pan)
  9 hellions
  8 komodo dragons
  A kobold demonologist (D:15)
  13 efreet (Pan)
  2 rime drakes (shapeshifter)
  A rime drake (Lair:5)
  2 komodo dragons (shapeshifter)
  10 demonic crawlers (Pan)
  40 hellwings
  2 elves (WizLab)
  4 freezing wraiths
  2 ice devils
  4 tormentors (Pan)
  80 yaktaurs
  6 anaconda simulacra
  4 tengu conjurers
  3 ancient zymes
  A spectral merfolk (Depths:4)
  4 hydra zombies (Hell)
  34 red devils
  An entropy weaver simulacrum (Vaults:1)
  2 jumping spiders (Vaults:2)
  A merfolk (shapeshifter) (Depths:3)
  A jumping spider (shapeshifter) (WizLab)
  7 catoblepas skeletons (Abyss:3)
  A meliai (shapeshifter) (WizLab)
  15 trolls
  3 wind drakes (Depths:5)
  A hornet (shapeshifter) (WizLab)
  A bloated husk (Swamp:2)
  19 hornets
  A queen bee (Lair:2)
  7 tyrant leeches
  A polar bear (Lair:4)
  A polar bear (shapeshifter) (WizLab)
  128 slime creatures
  3 blink frogs (Abyss:3)
  A raiju (shapeshifter) (D:15)
  An iron dragon simulacrum (Depths:5)
  A deep troll zombie (Hell)
  6 raiju
  3 ettin zombies (Hell)
  2 fire dragon zombies (Hell)
  2 snapping turtles (shapeshifter)
  A spriggan zombie (Hell)
  6 air elementals
  7 flying skulls
  2 centaur simulacra
  A fire dragon skeleton (Hell)
  20 water elementals
  27 spriggans
  A tarantella (shapeshifter) (WizLab)
  2 vampires
  A redback (shapeshifter) (WizLab)
  A spriggan (shapeshifter) (Depths:5)
  9 shadows
  A wyvern (shapeshifter) (Vaults:4)
  3 ettin skeletons (Pan)
  2 redbacks
  8 wraiths
  4 humans (WizLab)
  An ice dragon skeleton (Hell)
  52 yaks
  35 ynoxinuls
  2 dire elephant simulacra (IceCv)
  A black mamba skeleton (Pan)
  A hog (shapeshifter) (WizLab)
  26 chaos spawn
  10 neqoxecs (Pan)
  18 wyverns
  8 golden eyes
  6 steam dragons
  8 fire elementals
  11 basilisks
  A steam dragon (shapeshifter) (WizLab)
  3 human simulacra
  2 vampire mosquitoes (D:13)
  9 wargs
  Menkaure (D:6)
  44 nagas
  A harpy simulacrum (IceCv)
  A soldier ant (shapeshifter) (Depths:2)
  Edmund (D:4)
  An iron troll simulacrum (IceCv)
  18 swamp worms
  19 water moccasins
  An acid dragon (shapeshifter) (WizLab)
  3 hydra simulacra
  4 acid dragons
  4 spectral trolls (Depths:4)
  16 hell hounds
  A merfolk skeleton (Pan)
  17 swamp drakes
  7 floating eyes
  A floating eye (shapeshifter) (WizLab)
  A cane toad skeleton (Hell)
  2 hornet zombies (D:15)
  A swamp drake (shapeshifter) (WizLab)
  A sky beast (shapeshifter) (WizLab)
  7 sky beasts
  A spectral spriggan (Depths:4)
  45 orc warriors
  3 eyes of draining
  8 ice beasts
  A necrophage (D:10)
  A fire dragon simulacrum (Hell)
  2 black bears
  3 phantoms
  A tengu (shapeshifter) (WizLab)
  2 ettin simulacra
  46 ogres
  25 boggarts
  8 wolves
  A boggart (shapeshifter) (WizLab)
  A manticore skeleton (Pan)
  20 centaurs
  2 big kobolds
  A big kobold (shapeshifter) (WizLab)
  22 bullfrogs
  8 earth elementals
  An elf skeleton (Hell)
  2 scorpions
  3 spectral ogres (Depths:4)
  A killer bee (shapeshifter) (Vaults:3)
  35 killer bees
  29 wights
  5 howler monkeys
  5 spectral nagas (Depths:4)
  5 electric eels
  A howler monkey (shapeshifter) (WizLab)
  3 crimson imps
  2 spectral centaurs (Depths:4)
  2 centaur zombies
  7 hounds
  5 jellies
  4 centaur skeletons
  2 quasits
  29 orc priests
  A bullfrog zombie (D:12)
  3 iron imps
  31 orc wizards
  11 iguanas
  A troll simulacrum (Depths:4)
  9 worker ants
  11 hell rats
  A killer bee zombie (D:10)
  2 hound skeletons
  A howler monkey zombie (D:10)
  3 worker ant zombies
  A gnoll (D:10)
  16 adders
  An adder (shapeshifter) (WizLab)
  10 river rats
  3 shadow imps
  5 white imps
  3 ufetubi
  2 dart slugs
  6 leopard geckos
  109 orcs
  An orc (shapeshifter) (WizLab)
  10 giant cockroaches
  A giant cockroach (shapeshifter) (WizLab)
  5 goblins
  8 hobgoblins
  9 jackals
  23 kobolds
  13 quokkas
  3 ball pythons (Sewer)
  9 bats
  8 frilled lizards
  A giant cockroach zombie (D:5)
  A jackal skeleton (D:6)
  A leopard gecko zombie (D:8)
  A quokka skeleton (D:7)
  30 rats
  A spectral orc (D:9)
  3 blocks of ice (Pan)
  A bush (Depths:5)
  6 crawling corpses
3607 creatures vanquished.

Vanquished Creatures (collateral kills)
  3 acid blobs (Slime:4)
  A shadow dragon (Zot:1)
  3 storm dragons
  An azure jelly (Slime:5)
  A draconian annihilator (Zot:1)
  2 white draconians
  2 purple draconians
  A red draconian (Zot:2)
  A moth of wrath (Zot:4)
  3 water moccasins
  A phantom (D:9)
  A snapping turtle skeleton (Pan)
  A wight (D:9)
  An orc priest (Orc:2)
  2 orcs (D:9)
24 creatures vanquished.

Vanquished Creatures (others)
  A golden dragon (Zot:4)
  A vault warden (Vaults:1)
  A spriggan defender (Depths:5)
  A smoke demon (Pan)
  A yaktaur (Depths:3)
  A rime drake (Lair:6)
  A demonic crawler (Pan)
  A shadow (Depths:4)
  2 chaos spawn (Pan)
  A boggart (Vaults:1)
  A small abomination (Abyss:3)
  8 blocks of ice (Pan)
  2 bushes
  A crawling corpse (Vaults:3)
  11 demonic plants (Abyss:3)
  8 foxfires (Swamp:1)
  51 fungi
  156 plants
  6 starspawn tentacles (Abyss:2)
255 creatures vanquished.

Grand Total: 3886 creatures vanquished

Table legend:
 A = Non-vault XP
 B = Vault XP
 C = Vault XP percentage of total XP
 D = Non-vault monster count
 E = Vault monster count
 F = Vault count percentage of total count
                 A         B        C        D         E       F
            +---------+---------+-------+---------+---------+-------
      Total | 1447431 | 1132635 |  43.9 |    2227 |    1355 |  37.8
            +---------+---------+-------+---------+---------+-------
        D:1 |      51 |       7 |  12.1 |      32 |       4 |  11.1
        D:2 |      43 |       0 |   0.0 |      18 |       0 |   0.0
        D:3 |      49 |       0 |   0.0 |      14 |       0 |   0.0
        D:4 |      71 |     165 |  69.9 |      12 |       6 |  33.3
        D:5 |     993 |     150 |  13.1 |      20 |       4 |  16.7
        D:6 |     781 |     963 |  55.2 |      24 |      23 |  48.9
        D:7 |     726 |      65 |   8.2 |      23 |       2 |   8.0
        D:8 |    1109 |    3621 |  76.6 |      24 |      13 |  35.1
        D:9 |    2599 |     249 |   8.7 |      26 |      18 |  40.9
       D:10 |    3578 |    1776 |  33.2 |      34 |      11 |  24.4
       D:11 |    3336 |    2321 |  41.0 |      29 |       2 |   6.5
       D:12 |    5298 |    2201 |  29.4 |      23 |       1 |   4.2
       D:13 |    5411 |       0 |   0.0 |      24 |       0 |   0.0
       D:14 |   11203 |    2922 |  20.7 |      41 |       5 |  10.9
       D:15 |   18370 |    7721 |  29.6 |      54 |      17 |  23.9
     Lair:1 |    2858 |    2609 |  47.7 |      14 |      13 |  48.1
     Lair:2 |    3788 |    6390 |  62.8 |      13 |      48 |  78.7
     Lair:3 |    4235 |     516 |  10.9 |      12 |       3 |  20.0
     Lair:4 |    3371 |     332 |   9.0 |      23 |       2 |   8.0
     Lair:5 |    8589 |    2630 |  23.4 |      25 |       2 |   7.4
     Lair:6 |    6498 |   14049 |  68.4 |      15 |      55 |  78.6
    Swamp:1 |    3681 |       0 |   0.0 |       7 |       0 |   0.0
    Swamp:2 |    7269 |       0 |   0.0 |      17 |       0 |   0.0
    Swamp:3 |   14698 |       0 |   0.0 |      25 |       0 |   0.0
    Swamp:4 |    9286 |   19839 |  68.1 |      17 |      32 |  65.3
    Snake:1 |   17609 |    1016 |   5.5 |      37 |       2 |   5.1
    Snake:2 |    7122 |    1684 |  19.1 |       8 |       1 |  11.1
    Snake:3 |   23095 |    2992 |  11.5 |      38 |       2 |   5.0
    Snake:4 |   14488 |   48398 |  77.0 |      20 |      76 |  79.2
    Slime:1 |   19823 |    2585 |  11.5 |      41 |       2 |   4.7
    Slime:2 |   12610 |   14075 |  52.7 |      16 |       6 |  27.3
    Slime:3 |   12102 |       0 |   0.0 |      24 |       0 |   0.0
    Slime:4 |   13913 |    2478 |  15.1 |      18 |       1 |   5.3
    Slime:5 |   15763 |   40489 |  72.0 |      26 |      13 |  33.3
      Orc:1 |    4490 |       0 |   0.0 |      27 |       0 |   0.0
      Orc:2 |    1957 |   14377 |  88.0 |      31 |      63 |  67.0
      Elf:1 |   20520 |   15097 |  42.4 |      29 |      15 |  34.1
      Elf:2 |   13137 |   24772 |  65.3 |      21 |      30 |  58.8
      Elf:3 |   18676 |   36647 |  66.2 |      29 |      23 |  44.2
   Vaults:1 |   30787 |   20812 |  40.3 |      60 |      37 |  38.1
   Vaults:2 |   27960 |   14547 |  34.2 |      43 |      19 |  30.6
   Vaults:3 |   17096 |   38987 |  69.5 |      28 |      38 |  57.6
   Vaults:4 |   45967 |   49885 |  52.0 |      77 |      48 |  38.4
   Vaults:5 |   42059 |  100605 |  70.5 |      54 |      79 |  59.4
   Depths:1 |   28236 |    5466 |  16.2 |      37 |       3 |   7.5
   Depths:2 |   47096 |   26225 |  35.8 |      62 |      27 |  30.3
   Depths:3 |   62871 |   49435 |  44.0 |      72 |      30 |  29.4
   Depths:4 |       0 |   55114 | 100.0 |       0 |     104 | 100.0
   Depths:5 |   48428 |   65578 |  57.5 |      61 |      60 |  49.6
       Hell |   20633 |   27811 |  57.4 |      36 |      55 |  60.4
      Zot:1 |   78551 |   18296 |  18.9 |      49 |      10 |  16.9
      Zot:2 |   72099 |   19909 |  21.6 |      38 |      12 |  24.0
      Zot:3 |   57833 |       0 |   0.0 |      39 |       0 |   0.0
      Zot:4 |   79752 |    6048 |   7.0 |      38 |       3 |   7.3
      Zot:5 |   16837 |   51334 |  75.3 |       8 |      22 |  73.3
    Abyss:2 |   29937 |       0 |   0.0 |      48 |       0 |   0.0
    Abyss:3 |    7211 |   10025 |  58.2 |      24 |      24 |  50.0
        Pan |  420882 |  253728 |  37.6 |     522 |     164 |  23.9
      Sewer |       0 |     104 | 100.0 |       0 |      16 | 100.0
      IceCv |       0 |    7985 | 100.0 |       0 |      22 | 100.0
     WizLab |       0 |   37605 | 100.0 |       0 |      87 | 100.0
            +---------+---------+-------+---------+---------+-------

Illustrated notes

Table legend:
 A = Kills in this place as a percentage of kills in entire the game.
 B = Kills by you in this place as a percentage of kills by you in the entire game.
 C = Kills by friends in this place as a percentage of kills by friends in the entire game.
 D = Other kills in this place as a percentage of other kills in the entire game.
 E = Experience gained in this place as a percentage of experience gained in the entire game.
 F = Experience gained in this place divided by the number of levels of this place that you have seen.
                   A       B       C       D       E      F
               +-------+-------+-------+-------+-------+----------------------
         Total | 100.0 | 100.0 | 100.0 | 100.0 | 100.0 | 31464.2
       Dungeon |  14.1 |  14.1 |  20.0 |   0.0 |   2.9 | 5051.9
          Lair |   6.3 |   6.2 |  15.0 |  12.5 |   2.2 | 9310.8
         Swamp |   2.7 |   2.8 |   0.0 |   0.0 |   2.1 | 13693.2
     Snake Pit |   5.1 |   5.2 |   0.0 |   0.0 |   4.5 | 29101.0
    Slime Pits |   4.1 |   4.1 |   0.0 |   0.0 |   5.2 | 26767.6
  Orcish Mines |   3.4 |   3.4 |   5.0 |   0.0 |   0.8 | 10412.0
   Elven Halls |   4.1 |   4.1 |   0.0 |   0.0 |   5.0 | 42949.7
        Vaults |  13.5 |  13.5 |   0.0 |  25.0 |  15.1 | 77741.0
        Depths |  12.7 |  12.8 |   0.0 |  25.0 |  15.1 | 77689.8
          Hell |   2.5 |   2.6 |   0.0 |   0.0 |   1.9 | 48444.0
           Zot |   6.1 |   5.8 |  55.0 |  12.5 |  15.5 | 80131.8
         Abyss |   2.7 |   2.7 |   0.0 |   0.0 |   1.8 | 15724.3
   Pandemonium |  19.2 |  19.2 |   5.0 |  25.0 |  26.1 | 33730.5
         Sewer |   0.4 |   0.5 |   0.0 |   0.0 |   0.0 | 104.0
      Ice Cave |   0.6 |   0.6 |   0.0 |   0.0 |   0.3 | 7985.0
        Wizlab |   2.4 |   2.4 |   0.0 |   0.0 |   1.5 | 37605.0
               +-------+-------+-------+-------+-------+----------------------

Table legend: (Time is in decaauts)
 A = Elapsed time spent in this place.
 B = Non-inter-level travel time spent in this place.
 C = Inter-level travel time spent in this place.
 D = Time resting spent in this place.
 E = Time spent auto-exploring this place.
 F = Levels seen in this place.
 G = Mean time per level.
                   A        B        C        D        E       F      G
               +--------+--------+--------+--------+--------+-----+--------+
         Total | 175623 | 153577 |  22046 |   2140 | 122656 |  82 | 2141.7 |
       Dungeon |  36876 |  26470 |  10406 |    107 |  22660 |  15 | 2458.4 |
          Lair |  16920 |  14031 |   2889 |     65 |  11595 |   6 | 2820.0 |
         Swamp |   8586 |   7553 |   1033 |    105 |   6659 |   4 | 2146.5 |
     Snake Pit |   7599 |   7160 |    439 |    202 |   5778 |   4 | 1899.8 |
    Slime Pits |  10515 |   9290 |   1225 |      0 |   8101 |   5 | 2103.0 |
  Orcish Mines |   4480 |   4167 |    313 |      0 |   3429 |   2 | 2240.0 |
   Elven Halls |   8263 |   7470 |    793 |      4 |   6205 |   3 | 2754.3 |
        Vaults |  19866 |  17994 |   1872 |     29 |  15317 |   5 | 3973.2 |
        Depths |  21576 |  19191 |   2385 |      6 |  16205 |   5 | 4315.2 |
          Hell |   2284 |   2241 |     43 |      0 |   1734 |   1 | 2284.0 |
           Zot |  13263 |  12620 |    643 |    104 |  10729 |   5 | 2652.6 |
         Abyss |   2407 |   2407 |      0 |      0 |    591 |   3 |  802.3 |
   Pandemonium |  18982 |  18982 |      0 |   1518 |  11049 |  20 |  949.1 |
         Trove |    181 |    181 |      0 |      0 |      7 |   1 |  181.0 |
         Sewer |    650 |    650 |      0 |      0 |    508 |   1 |  650.0 |
      Ice Cave |   1140 |   1140 |      0 |      0 |    698 |   1 | 1140.0 |
        Wizlab |   2028 |   2028 |      0 |      0 |   1387 |   1 | 2028.0 |
               +--------+--------+--------+--------+--------+-----+--------+

Top non-repeatable levels by time:
Depths:5: 5833 daAuts
    D:15: 5511 daAuts
Vaults:4: 5269 daAuts
    D:11: 4616 daAuts
Depths:2: 4376 daAuts
Depths:3: 4349 daAuts
Vaults:3: 4214 daAuts
  Lair:2: 4097 daAuts
    D:10: 3976 daAuts
   Zot:4: 3936 daAuts
Vaults:2: 3764 daAuts
Depths:4: 3712 daAuts
Vaults:1: 3709 daAuts
  Lair:6: 3590 daAuts
 Slime:4: 3569 daAuts
